 Dungeon Crawl Stone Soup version 0.29.0-4-gdea44cf6ec (webtiles) character file.

Game seed: 14741472400636589082

557756 qw the Slayer (level 26, 188/188 HPs)
             Began as a Gargoyle Fighter on Sept 9, 2022.
             Was a High Priest of Okawaru.
             Quit the game in the Ecumenical Temple.
             The game lasted 00:34:44 (61995 turns).

qw the Slayer (Gargoyle Fighter)                   Turns: 61995, Time: 00:34:44

Health: 188/188    AC: 65    Str: 33    XL:     26   Next: 53%
Magic:  30/30      EV: 15    Int: 10    God:    Okawaru [*****.]
Gold:   1576       SH: 30    Dex: 23    Spells: 25/25 levels left

rFire   + + +      SeeInvis +   u - +5 broad axe of the Freezing God {drain, Str-2 Int+5 Dex+8 Stlth-}
rCold   + . .      Faith    .   y - +0 tower shield
rNeg    + . .      Spirit   .   r - +4 gold dragon scales "Jeheisul" {rPois rF+ rC+ Str+3 Int-3 Dex+7}
rPois   inf        Reflect  +   I - +1 helmet of Indomitability {rF+ Int+2 Dex+4 Stlth+}
rElec   +          Harm     .   l - scarf {repulsion}
rCorr   .          Rampage  .   b - +4 pair of gloves "Guesen" {rElec Slay+3}
Will    +....                   z - +2 pair of boots
Stlth   ..........              k - amulet of reflection
HPRegen 0.41/turn               o - ring "Nisk" {rF+ Int-4 Slay+3 SInv}
MPRegen 0.22/turn               D - +4 ring of protection

@: flying, repel missiles
A: sickness immunity, AC +20, big wings, negative energy resistance 1,
electricity resistance, torment resistance 1, petrification resistance, clumsy
2, dopey 1, strong 1, subdued magic 1
}: 3/15 runes: serpentine, barnacled, silver
a: Renounce Religion, Heroism, Finesse, Duel


You were in the Ecumenical Temple.
You worshipped Okawaru.
Okawaru was extremely pleased with you.
You visited 9 branches of the dungeon, and saw 45 of its levels.
You visited the Abyss 2 times.
You visited 1 bazaar.
You also visited: Wizlab.

You collected 10214 gold pieces.
You spent 8638 gold pieces at shops.


Innate Abilities, Weirdness & Mutations

You are immune to sickness and miasma.
Your stone body is resilient. (AC +20)
You are immune to poison.
Your large and strong wings let you fly.
You resist negative energy. (rN+)
You are resistant to electric shocks. (rElec)
You are resistant to unholy torment.
You are immune to petrification.
You are very clumsy. (Dex -4)
You are dopey. (Int -2)
Your muscles are strong. (Str +4, Int/Dex -1)
Your spells are a little easier to cast, but a little less powerful.


   Skills:
 + Level 25.2 Fighting
 - Level 18.0 Axes
 - Level 15.0 Throwing
 - Level 22.0 Armour
 - Level 13.0 Dodging
 - Level 22.0 Shields
 - Level 10.0 Invocations


You had 25 spell levels left.
You didn't know any spells.
Your spell library was empty.

Inventory:

Hand Weapons
 u - the +5 broad axe of the Freezing God (weapon) {drain, Str-2 Int+5 Dex+8 Stlth-}
   (Okawaru gifted it to you on level 1 of the Lair of Beasts)

   A truly terrible weapon, it drains the life of any living foe it strikes.
   Str:       It affects your strength (-2).
   Int:       It affects your intelligence (+5).
   Dex:       It affects your dexterity (+8).
   Stlth:     It makes you less stealthy.
 P - a +5 broad axe of electrocution
Missiles
 h - 12 silver boomerangs
 p - 33 boomerangs
 q - 3 boomerangs of dispersal
 t - 8 javelins
 G - 8 silver javelins (quivered)
Armour
 b - the +4 pair of gloves "Guesen" (worn) {rElec Slay+3}
   (You acquired it on level 4 of the Dungeon)

   Slay:      It affects your accuracy & damage with ranged weapons and melee
   (+3).
   rElec:     It insulates you from electricity.
 c - a +2 helmet of see invisible
 l - a scarf of repulsion (worn)
 r - the +4 gold dragon scales "Jeheisul" (worn) {rPois rF+ rC+ Str+3 Int-3 Dex+7}
   (You bought it in a shop in a bazaar)

   Str:       It affects your strength (+3).
   Int:       It affects your intelligence (-3).
   Dex:       It affects your dexterity (+7).
   rF:        It protects you from fire.
   rC:        It protects you from cold.
   rPois:     It protects you from poison.
 y - a +0 tower shield (worn)
 z - a +2 pair of boots (worn)
 I - the +1 helmet of Indomitability (worn) {rF+ Int+2 Dex+4 Stlth+}
   (Okawaru gifted it to you on level 2 of the Snake Pit)

   Int:       It affects your intelligence (+2).
   Dex:       It affects your dexterity (+4).
   rF:        It protects you from fire.
   Stlth:     It makes you more stealthy.
 J - a +0 tower shield of reflection
 M - the +11 plate armour of Incorporation {rN++ Dex-3 SInv Stlth+}
   (Okawaru gifted it to you on level 3 of the Vaults)

   Dex:       It affects your dexterity (-3).
   rN:        It greatly protects you from negative energy.
   SInv:      It lets you see invisible.
   Stlth:     It makes you more stealthy.
 N - the +2 pair of boots of the Game of Life {Harm rElec Str-5 Slay+4}
   (You acquired it on level 3 of the Vaults)

   Str:       It affects your strength (-5).
   Slay:      It affects your accuracy & damage with ranged weapons and melee
   (+4).
   rElec:     It insulates you from electricity.
   Harm:      It increases damage dealt and taken.
 O - a +2 cloak
Jewellery
 k - an amulet of reflection (around neck)
 o - the ring "Nisk" (left hand) {rF+ Int-4 Slay+3 SInv}
   (You found it on level 5 of the Vaults)

   [ring of protection from fire]

   Int:       It affects your intelligence (-4).
   Slay:      It affects your accuracy & damage with ranged weapons and melee
   (+3).
   rF:        It protects you from fire.
   SInv:      It lets you see invisible.
 B - the amulet "Baxurete" {rF- Regen+ Dex+4 SInv}
   (You bought it in a shop on level 1 of the Shoals)

   [amulet of regeneration]

   Dex:       It affects your dexterity (+4).
   rF:        It makes you vulnerable to fire.
   SInv:      It lets you see invisible.
   Regen:     It increases your rate of health regeneration.
 D - a +4 ring of protection (right hand)
 F - the ring "Xupirch" {Fire rElec rPois rN++ Will-}
   (You took it off a centaur warrior on level 14 of the Dungeon)

   [ring of fire]

   It enhances your fire magic.
   rF:        It protects you from fire.
   rC:        It makes you vulnerable to cold.
   rElec:     It insulates you from electricity.
   rPois:     It protects you from poison.
   rN:        It greatly protects you from negative energy.
   Will:      It decreases your willpower.
 H - a ring of protection from fire
 Y - a +4 ring of slaying {mikee}
Scrolls
 e - 10 scrolls of blinking
 i - 6 scrolls of enchant armour
 v - 10 scrolls of identify
 A - 5 scrolls of enchant weapon
 L - 2 scrolls of brand weapon
Potions
 d - 14 potions of might
 f - 17 potions of attraction
 g - 6 potions of magic
 m - 36 potions of curing
 n - 6 potions of cancellation
 s - 3 potions of heal wounds
 w - 9 potions of mutation
 x - 5 potions of lignification
 C - 10 potions of resistance
 E - 10 potions of haste

Dungeon Overview and Level Annotations

Branches:
Dungeon (15/15)            Temple (1/1) D:6            Lair (5/5) D:10
 Shoals (4/4) Lair:3        Snake (4/4) Lair:3        Slime (0/5) Lair:4
    Orc (2/2) D:12            Elf (0/3) Orc:2        Vaults (5/5) D:14
  Crypt (0/3) Vaults:3     Depths (4/4) D:15            Zot (5/5) Depths:4
 WizLab (visited)

Altars:
Ashenzari
Dithmenos
Elyvilon
Hepliaklqana
Kikubaaqudgha
Makhleb
Okawaru
Qazlal
Ru
Trog
Uskayaw
Yredelemnul
Zin
Jiyva
Lugonu

Shops:
D:2 !   D:3 !   D:10 (   D:14 *   Orc:2 *![[   Shoals:1 *=[(*   Shoals:4 :
Snake:4 !   Vaults:1 :   Vaults:2 [   Vaults:4 ?=   Zot:3 *

Portals:
Hell: Depths:1 Depths:2 Depths:3 Depths:4
Abyss: Depths:1 Depths:2 Depths:3
Pandemonium: Depths:1 Depths:2 Depths:3
Ziggurat: Depths:4
Trove: D:10 (give +6 demon whip)

Annotations:
D:6 1 runed translucent door, Crazy Yiuf
D:12 1 runed translucent door, Oluepnoxkoro's ghost, journeyman GnTm
Snake:1 1 runed translucent door, Elinuc's ghost, adept DEHW
Vaults:2 1 transporter


Message History

There is a stone staircase leading up here.
You fly upwards.
There is a stone staircase leading down here.
There is an open door, spattered with blood here.
You reach down and open the door.
There is an open door here.
There is a stone staircase leading up here.
You fly upwards.
Level annotation: 1 runed translucent door, Oluepnoxkoro's ghost, journeyman GnTm
There is a stone staircase leading down here.
There is a stone staircase leading up here.
You fly upwards.
There is a stone staircase leading down here.
There is an open door here.
There is a stone staircase leading up here.
You fly upwards.
There is a stone staircase leading down here.
There is a stone staircase leading up here.
You fly upwards.
There is a stone staircase leading down here.
There is a stone staircase leading up here.
You fly upwards.
There is a stone staircase leading down here.
There is an open door here.
There is a stone staircase leading up here.
You fly upwards.
There is a stone staircase leading down here.
There is a stone staircase leading up here.
You fly upwards.
Level annotation: 1 runed translucent door, Crazy Yiuf
There is a stone staircase leading down here.
There is a staircase to the Ecumenical Temple here.
You fly downwards.
Welcome to the Ecumenical Temple!
There is a staircase back to the Dungeon here.
Existing waypoints: (1) Zot:5 (2) Zot:5 Assign waypoint to what number? (0-9, D - delete waypoint) Waypoint 1 re-assigned from Zot:5 to Temple.
Enter note: Are you sure you want to abandon this character and quit the game? (Confirm with "yes".)

.# #. ..# #..
...## ##...
.....##+##.....
...............
#....8...8....#
#.............#
+......@......+
#.............#
#....8...8....#
...............
.....##+##.....
...## ##... ..#
#.. .# #.


There were no monsters in sight!

Vanquished Creatures
  4 dread liches
  2 ancient liches (Zot:5)
  5 orbs of fire (Zot:5)
  Saint Roka (Snake:3)
  A Head Instructor (WizLab)
  4 Killer Klowns
  A curse toe (Zot:3)
  13 golden dragons
  Nikola (Snake:1)
  A bone dragon (Depths:4)
  2 electric golems (Zot:5)
  Jorgrun (Shoals:3)
  A walking earthen tome (Depths:1)
  15 tentacled monstrosities
  Asterion (Vaults:3)
  Mlioglotl (Shoals:3)
  25 Orb Guardians (Zot:5)
  5 liches
  4 titans (Vaults:5)
  12 quicksilver dragons
  A walking frostbound tome (Depths:1)
  4 death cobs
  9 sphinxes
  Kirke (D:12)
  12 shadow dragons
  12 tengu reavers
  20 storm dragons
  6 draconian monks
  A deep elf sorcerer (Vaults:5)
  5 nagarajas
  Donald (Shoals:3)
  7 frost giants
  2 iron dragons
  8 draconian scorchers
  15 vault wardens
  5 draconian knights
  3 fire giants
  An orc warlord (Vaults:3)
  A curse skull (Zot:1)
  Louise (Shoals:1)
  5 ghost moths
  8 draconian shifters
  A draconian stormcaller (Zot:5)
  7 draconian annihilators
  4 war gargoyles
  17 ironbound preservers
  A reaper (Depths:2)
  5 ironbound thunderhulks
  22 very ugly things
  15 stone giants
  2 eleionomae (Shoals:1)
  4 vampire knights
  20 yellow draconians
  12 black draconians
  A deep elf demonologist (Vaults:5)
  10 green draconians
  10 red draconians
  8 white draconians
  Azrael (D:13)
  16 dire elephants
  8 spark wasps
  11 purple draconians
  An eidolon (Abyss:2)
  Snorg (Orc:2)
  A blizzard demon (Depths:3)
  13 ettins
  A deep elf death mage (Vaults:4)
  2 crystal guardians
  8 merfolk impalers
  2 merfolk javelineers
  5 fire dragons
  3 deep elf high priests (Vaults:5)
  15 yaktaur captains
  5 great orbs of eyes
  6 rakshasas
  Erolcha (D:11)
  4 ironbound frosthearts
  2 salamander tyrants
  6 ice dragons
  3 hell beasts
  10 boulder beetles
  37 vault guards
  An ogre mage (Vaults:5)
  4 peacekeepers
  3 spriggan air magi
  4 two-headed ogres
  10 hydras
  16 centaur warriors
  3 alligator snapping turtles
  5 anacondas
  4 merfolk aquamancers
  A two-headed ogre (shapeshifter) (Vaults:4)
  11 naga warriors
  3 death yaks (D:10)
  5 deep troll shamans
  9 tengu warriors
  A vampire mage (Depths:2)
  A thrashing horror (Abyss:2)
  10 deep troll earth magi
  7 satyrs
  7 naga sharpshooters
  8 spriggan berserkers
  2 sun demons
  9 shock serpents
  A titan zombie (Depths:1)
  Urug (D:10)
  15 hell knights
  3 soul eaters
  A sixfirhy (Abyss:2)
  4 skeletal warriors (D:14)
  8 salamander mystics
  2 iron trolls
  4 glowing orange brains
  3 flayed ghosts
  55 deep trolls
  14 sea snakes
  6 naga ritualists
  4 wizards
  2 phantasmal warriors (Vaults:5)
  38 harpies
  10 necromancers
  17 lindwurms
  A tengu zombie (Depths:1)
  An orange crystal statue (Zot:1)
  16 ironbound convokers
  A deep elf pyromancer (D:15)
  3 large abominations (Abyss:2)
  A mana viper (shapeshifter) (Vaults:5)
  An orc sorcerer (Orc:2)
  4 oklob plants
  A faun (shapeshifter) (Vaults:5)
  33 ugly things
  30 fauns
  10 mana vipers
  17 salamanders
  10 elephants (Lair:4)
  12 cyclopes
  A will-o-the-wisp (Lair:5)
  A tengu skeleton (Vaults:4)
  A manticore (shapeshifter) (Vaults:4)
  15 manticores
  6 merfolk sirens
  23 moths of wrath
  22 vault sentinels
  6 guardian serpents
  A frost giant skeleton (Depths:1)
  A torpor snail (Lair:4)
  Maurice (D:10)
  An eye of devastation (shapeshifter) (Depths:3)
  A water nymph (shapeshifter) (Vaults:5)
  10 water nymphs
  37 black mambas
  An eye of devastation (Abyss:2)
  13 naga magi
  2 orange demons
  14 cane toads
  8 komodo dragons
  2 rime drakes
  36 yaktaurs
  3 kobold demonologists (D:13)
  2 efreet (Abyss:2)
  3 freezing wraiths
  3 tengu conjurers
  A meliai (shapeshifter) (D:14)
  A red devil (Depths:3)
  3 ice devils
  37 merfolk
  5 polar bears
  3 trolls
  3 wind drakes
  11 blink frogs
  8 slime creatures
  9 hornets
  A spriggan zombie (Depths:1)
  A raiju (shapeshifter) (Depths:4)
  Prince Ribbit (D:8)
  17 dream sheep
  9 snapping turtles
  A centaur simulacrum (D:15)
  A spriggan (shapeshifter) (Vaults:5)
  A culicivora (shapeshifter) (Vaults:5)
  A flying skull (Abyss:2)
  A shadow (D:13)
  A jumping spider (shapeshifter) (Vaults:4)
  A vampire (Abyss:2)
  4 wyverns
  A basilisk (shapeshifter) (Vaults:5)
  15 water elementals
  16 spriggans
  7 fire elementals
  5 wraiths
  32 yaks
  2 ynoxinuls
  18 humans (D:14)
  15 vampire mosquitoes
  5 basilisks
  5 hogs (D:12)
  A neqoxec (Abyss:2)
  3 steam dragons
  2 chaos spawn
  42 nagas
  Menkaure (D:6)
  5 wargs (Orc:1)
  3 acid dragons
  16 water moccasins
  2 hell hounds (D:13)
  41 orc warriors
  A floating eye (Depths:3)
  A swamp drake (Lair:5)
  A sky beast (D:7)
  8 black bears
  5 boggarts (Lair:5)
  2 ogres
  31 centaurs
  33 wolves
  A human skeleton (Vaults:4)
  An elf simulacrum (Vaults:4)
  18 bullfrogs
  6 kobold brigands
  A necrophage (D:8)
  A scorpion (D:5)
  A gnoll sergeant (D:9)
  9 wights (D:8)
  A small abomination (Abyss:2)
  4 killer bees (D:11)
  A howler monkey (D:10)
  8 starcursed masses (Abyss:2)
  A crimson imp (Abyss:2)
  A quasit (Abyss:2)
  An iron imp (Abyss:2)
  5 jellies
  15 orc priests
  3 hounds
  3 iguanas
  3 lightning spires (Zot:1)
  23 orc wizards
  6 hell rats
  5 gnolls
  7 adders
  A shadow imp (D:7)
  2 white imps
  An ufetubus (Abyss:2)
  A worm (D:4)
  2 dart slugs
  94 orcs
  7 endoplasms
  3 giant cockroaches
  6 goblins
  5 hobgoblins
  4 jackals (D:3)
  10 quokkas
  11 ball pythons
  6 bats
  4 frilled lizards
  19 kobolds
  9 rats
  7 fire vortices (Depths:4)
  A plant (Shoals:3)
1954 creatures vanquished.

Vanquished Creatures (others)
  A stone giant (Depths:1)
  Nessos (Lair:4)
  A very ugly thing (Depths:1)
  A purple draconian (Zot:2)
  A salamander mystic (Snake:2)
  A necromancer (Depths:1)
  A tengu conjurer (D:14)
  An orc warrior (D:9)
  An orc (D:10)
  6 foxfires (Lair:5)
  28 fungi
  223 plants
  2 starspawn tentacles (Shoals:3)
268 creatures vanquished.

Grand Total: 2222 creatures vanquished

Notes
Turn   | Place    | Note
-------+----------+-------------------------------------------
     0 | D:1      | qw the Gargoyle Fighter began the quest for the Orb.
     0 | D:1      | Reached XP level 1. HP: 14/14 MP: 1/1
     0 | D:1      | 0 ||| qw: Version: 0.1-a-113-g051387a
     0 | D:1      | 0 ||| qw: Game counter: 7352
     0 | D:1      | 0 ||| qw: Always use a shield: true
     0 | D:1      | 0 ||| qw: God list: Okawaru
     0 | D:1      | 0 ||| qw: Allow faded altars: false
     0 | D:1      | 0 ||| qw: Do Orc after D:15 true
     0 | D:1      | 0 ||| qw: Do second Lair branch before Depths: true
     0 | D:1      | 0 ||| qw: Lair rune preference: random
     0 | D:1      | 0 ||| qw: Plans: Normal, Zot, God:TSO, Crypt, Tomb, Zig,
                  | Orb
     0 | D:1      | 0 ||| PLANNING D:1-11
    60 | D:1      | Found a faded altar of an unknown god.
   218 | D:1      | Reached XP level 2. HP: 19/19 MP: 2/2
   462 | D:1      | Reached skill level 3 in Axes
   462 | D:1      | Reached XP level 3. HP: 23/23 MP: 3/3
   955 | D:1      | 955 ||| UPGRADING to +0 cloak.
   960 | D:1      | 960 ||| READING 3 scrolls labelled KESOIMPUUL.
   963 | D:1      | 963 ||| READING scroll labelled REACOARYPPOA.
   964 | D:1      | 964 ||| READING scroll labelled IXZANI ULURRACS.
   965 | D:1      | 965 ||| READING scroll labelled VUTAGO KONTOU.
  1166 | D:2      | Found Sunapoah's Distillery.
  1174 | D:2      | 1174 ||| SHOPLISTING 2 potions of resistance (240 gold,
                  | have 98).
  1174 | D:2      | 1174 ||| BUYING potion of cancellation (96 gold).
  1174 | D:2      | Bought a potion of cancellation for 96 gold pieces
  1174 | D:2      | 1174 ||| SHOPLISTING potion of haste (120 gold, have 2).
  1174 | D:2      | 1174 ||| SHOPLISTING potion of heal wounds (60 gold, have
                  | 2).
  1174 | D:2      | 1174 ||| SHOPLISTING potion of mutation (96 gold, have 2).
  1205 | D:2      | Reached skill level 1 in Throwing
  1216 | D:2      | 1216 ||| Stepping ~*~*~tactically~*~*~ (stealth).
  1283 | D:2      | 1283 ||| SWAPPING to +1 vampiric hand axe.
  1372 | D:2      | Reached XP level 4. HP: 26/28 MP: 4/4
  1837 | D:2      | 1837 ||| UPGRADING to +0 chain mail.
  1847 | D:2      | 1847 ||| DROPPING +0 scale mail.
  1848 | D:2      | 1848 ||| READING scroll labelled LUW UZXISTROARI.
  1849 | D:2      | 1849 ||| READING scroll labelled SEF VIBUSEFFAUCEA.
  1850 | D:2      | 1850 ||| READING scroll labelled KOTSEI OLAO.
  1851 | D:2      | 1851 ||| DRINKING 2 viscous red potions.
  1851 | D:2      | Gained mutation: You are robust. (+10% HP) [potion of
                  | mutation]
  1851 | D:2      | Gained mutation: Your body sometimes deteriorates upon
                  | taking damage. [potion of mutation]
  1851 | D:2      | Gained mutation: Armour fits poorly on your strangely
                  | shaped body. [potion of mutation]
  1868 | D:2      | 1868 ||| DRINKING potion of mutation.
  1868 | D:2      | Lost mutation: Your body sometimes deteriorates upon taking
                  | damage. [potion of mutation]
  1868 | D:2      | Lost mutation: You are robust. (+10% HP) [potion of
                  | mutation]
  1868 | D:2      | Lost mutation: Armour fits poorly on your strangely shaped
                  | body. [potion of mutation]
  1868 | D:2      | Gained mutation: Your mind is acute. (Int +4, Str/Dex -1)
                  | [potion of mutation]
  1868 | D:2      | Gained mutation: You possess an exceptional clarity of
                  | mind. [potion of mutation]
  1868 | D:2      | Gained mutation: You are robust. (+10% HP) [potion of
                  | mutation]
  1956 | D:3      | HP: 6/30 [orc/+0 trident (5)]
  1956 | D:3      | HP: 2/30 [something/puff of flame (4)]
  1957 | D:3      | 1957 ||| READING 2 scrolls of teleportation.
  2340 | D:3      | Found an iron altar of Okawaru.
  2348 | D:3      | Became a worshipper of Warmaster Okawaru
  2476 | D:3      | Reached XP level 5. HP: 35/35 MP: 5/5
  2756 | D:3      | Found Jeroukh's Distillery.
  2765 | D:3      | 2765 ||| BUYING potion of attraction (30 gold).
  2765 | D:3      | Bought a potion of attraction for 30 gold pieces
  2765 | D:3      | 2765 ||| SHOPLISTING potion of haste (100 gold, have 76).
  2765 | D:3      | 2765 ||| BUYING potion of heal wounds (50 gold).
  2765 | D:3      | Bought a potion of heal wounds for 50 gold pieces
  2765 | D:3      | 2765 ||| SHOPLISTING potion of magic (80 gold, have 26).
  2765 | D:3      | 2765 ||| SHOPLISTING potion of might (40 gold, have 26).
  2765 | D:3      | 2765 ||| SHOPLISTING potion of mutation (80 gold, have 26).
  3042 | D:3      | 3042 ||| UPGRADING to +2 helmet.
  3047 | D:3      | 3047 ||| DROPPING ring of flight.
  3048 | D:3      | 3048 ||| READING scroll labelled IFESONUOBE.
  3049 | D:3      | 3049 ||| DRINKING 2 puce potions.
  3434 | D:4      | 3434 ||| Stepping ~*~*~tactically~*~*~ (hiding).
  3878 | D:4      | 3878 ||| DROPPING +0 club.
  3906 | D:4      | Reached XP level 6. HP: 41/41 MP: 6/6
  3943 | D:4      | Reached skill level 4 in Fighting
  4098 | D:4      | 4098 ||| READING scroll labelled HAGGADGH UBICVO.
  4099 | D:4      | 4099 ||| READING scroll labelled NELULO WAEPACA.
  4099 | D:4      | Identified a scroll of acquirement
  4099 | D:4      | 4099 ||| ACQUIRING +4 pair of gloves "Guesen" {rElec
                  | Slay+3}
  4099 | D:4      | Acquired the +4 pair of gloves "Guesen" {rElec Slay+3}
  4101 | D:4      | 4101 ||| UPGRADING to +4 pair of gloves "Guesen" {rElec
                  | Slay+3}.
  4111 | D:5      | Entered Level 5 of the Dungeon
  4166 | D:5      | Noticed a black bear
  4181 | D:5      | Killed a black bear
  4196 | D:5      | Reached skill level 6 in Axes
  4196 | D:5      | Reached XP level 7. HP: 47/47 MP: 7/7
  4343 | D:5      | 4343 ||| Stepping ~*~*~tactically~*~*~ (hiding).
  4344 | D:5      | 4344 ||| Stepping ~*~*~tactically~*~*~ (hiding).
  4345 | D:5      | 4345 ||| Stepping ~*~*~tactically~*~*~ (hiding).
  4346 | D:5      | 4346 ||| Stepping ~*~*~tactically~*~*~ (hiding).
  4450 | D:5      | 4450 ||| DROPPING +0 mace.
  5205 | D:5      | 5205 ||| Stepping ~*~*~tactically~*~*~ (stealth).
  5395 | D:5      | 5395 ||| UPGRADING to amulet of the acrobat.
  5400 | D:5      | 5400 ||| READING scroll labelled MAMICK VIUSA.
  5401 | D:5      | 5401 ||| READING scroll labelled FEDGHU DIDED.
  5402 | D:5      | 5402 ||| DRINKING 2 fuming clear potions.
  5579 | D:6      | 5579 ||| Stepping ~*~*~tactically~*~*~ (stealth).
  5587 | D:6      | 5587 ||| Stepping ~*~*~tactically~*~*~ (stealth).
  5593 | D:6      | 5593 ||| Stepping ~*~*~tactically~*~*~ (stealth).
  5594 | D:6      | 5594 ||| Stepping ~*~*~tactically~*~*~ (stealth).
  5597 | D:6      | 5597 ||| Stepping ~*~*~tactically~*~*~ (stealth).
  5637 | D:6      | Found a staircase to the Ecumenical Temple.
  5720 | D:6      | Found a runed translucent door.
  5721 | D:6      | Noticed Crazy Yiuf
  5832 | D:6      | Noticed Menkaure
  5833 | D:6      | 5833 ||| Stepping ~*~*~tactically~*~*~ (hiding).
  5842 | D:6      | Killed Menkaure
  5842 | D:6      | Reached * piety under Okawaru
  5843 | D:6      | Reached skill level 5 in Fighting
  5843 | D:6      | Reached XP level 8. HP: 35/55 MP: 8/8
  5843 | D:6      | 5843 ||| INVOKING Heroism.
  5855 | D:6      | 5855 ||| INVOKING Heroism.
  5864 | D:6      | Reached skill level 1 in Invocations
  6153 | D:6      | 6153 ||| READING 2 scrolls labelled FIBAXI DETHRO.
  6154 | D:6      | 6154 ||| READING 3 scrolls of identify.
  6154 | D:6      | 6154 ||| IDENTIFYING smoky purple potion
  6155 | D:6      | 6155 ||| READING 2 scrolls of identify.
  6155 | D:6      | 6155 ||| IDENTIFYING clear potion
  6156 | D:6      | 6156 ||| DROPPING potion of berserk rage.
  6157 | D:6      | 6157 ||| DROPPING potion of degeneration.
  6158 | D:6      | 6158 ||| DROPPING scroll of amnesia.
  6200 | D:7      | 6200 ||| Stepping ~*~*~tactically~*~*~ (hiding).
  6203 | D:7      | 6203 ||| Stepping ~*~*~tactically~*~*~ (hiding).
  6215 | D:7      | 6215 ||| INVOKING Heroism.
  6218 | D:7      | Reached skill level 3 in Invocations
  6407 | D:7      | 6407 ||| INVOKING Heroism.
  6425 | D:7      | Reached ** piety under Okawaru
  6426 | D:7      | Reached skill level 1 in Dodging
  6483 | D:7      | 6483 ||| INVOKING Heroism.
  6562 | D:7      | Reached XP level 9. HP: 59/59 MP: 12/12
  6573 | D:7      | 6573 ||| INVOKING Heroism.
  6673 | D:7      | Found a stormy altar of Qazlal.
  6673 | D:7      | Found a glowing silver altar of Zin.
  6683 | D:7      | 6683 ||| Stepping ~*~*~tactically~*~*~ (hiding).
  6692 | D:7      | Reached skill level 6 in Fighting
  6940 | D:7      | 6940 ||| DROPPING +6 ring of intelligence.
  6941 | D:7      | 6941 ||| READING 4 scrolls of identify.
  6941 | D:7      | 6941 ||| IDENTIFYING white potion
  6942 | D:7      | 6942 ||| READING 3 scrolls of identify.
  6942 | D:7      | 6942 ||| IDENTIFYING bubbling green potion
  6943 | D:7      | 6943 ||| READING 2 scrolls of identify.
  6943 | D:7      | 6943 ||| IDENTIFYING inky potion
  6944 | D:7      | 6944 ||| DROPPING potion of brilliance.
  6945 | D:7      | 6945 ||| DROPPING potion of invisibility.
  6946 | D:7      | 6946 ||| DROPPING potion of flight.
  6979 | D:8      | Noticed Prince Ribbit
  6980 | D:8      | 6980 ||| INVOKING Heroism.
  6988 | D:8      | Killed Prince Ribbit
  7058 | D:8      | 7058 ||| Stepping ~*~*~tactically~*~*~ (stealth).
  7065 | D:8      | 7065 ||| INVOKING Heroism.
  7114 | D:8      | 7114 ||| Stepping ~*~*~tactically~*~*~ (stealth).
  7123 | D:8      | Reached skill level 9 in Axes
  7237 | D:8      | Noticed a two-headed ogre
  7238 | D:8      | 7238 ||| INVOKING Heroism.
  7241 | D:8      | 7241 ||| Stepping ~*~*~tactically~*~*~ (stealth).
  7246 | D:8      | Killed a two-headed ogre
  7246 | D:8      | Reached *** piety under Okawaru
  7340 | D:8      | 7340 ||| Stepping ~*~*~tactically~*~*~ (stealth).
  7345 | D:8      | 7345 ||| Stepping ~*~*~tactically~*~*~ (stealth).
  7349 | D:8      | 7349 ||| Stepping ~*~*~tactically~*~*~ (stealth).
  7361 | D:8      | Reached skill level 7 in Fighting
  7361 | D:8      | Reached XP level 10. HP: 65/69 MP: 13/13
  7373 | D:8      | 7373 ||| Stepping ~*~*~tactically~*~*~ (stealth).
  7386 | D:8      | 7386 ||| DROPPING +0 flail.
  7403 | D:8      | 7403 ||| Stepping ~*~*~tactically~*~*~ (stealth).
  7405 | D:8      | 7405 ||| Stepping ~*~*~tactically~*~*~ (stealth).
  7718 | D:8      | 7718 ||| UPGRADING to +0 plate armour.
  7728 | D:8      | 7728 ||| DROPPING +0 chain mail.
  7729 | D:8      | 7729 ||| READING 3 scrolls labelled QUWAGYENUI.
  7730 | D:8      | 7730 ||| DROPPING 2 scrolls of fear.
  7783 | D:9      | 7783 ||| Stepping ~*~*~tactically~*~*~ (stealth).
  7882 | D:9      | Found a burning altar of Makhleb.
  7890 | D:9      | Found a hide-covered altar of Uskayaw.
  7890 | D:9      | Found a bloodstained altar of Trog.
  7893 | D:9      | Found a broken altar of Ashenzari.
  7908 | D:9      | 7908 ||| Stepping ~*~*~tactically~*~*~ (hiding).
  7910 | D:9      | 7910 ||| INVOKING Heroism.
  8027 | D:9      | 8027 ||| Stepping ~*~*~tactically~*~*~ (cloud).
  8028 | D:9      | 8028 ||| INVOKING Heroism.
  8039 | D:9      | Reached **** piety under Okawaru
  8051 | D:9      | Found a sacrificial altar of Ru.
  8053 | D:9      | 8053 ||| Stepping ~*~*~tactically~*~*~ (stealth).
  8055 | D:9      | 8055 ||| Stepping ~*~*~tactically~*~*~ (stealth).
  8059 | D:9      | 8059 ||| Stepping ~*~*~tactically~*~*~ (stealth).
  8090 | D:9      | 8090 ||| Stepping ~*~*~tactically~*~*~ (hiding).
  8093 | D:9      | 8093 ||| INVOKING Heroism.
  8177 | D:9      | 8177 ||| INVOKING Heroism.
  8212 | D:9      | Identified the +8 chain mail of Infinity {Str+4}
  8529 | D:9      | 8529 ||| UPGRADING to +0 pair of boots.
  8534 | D:9      | 8534 ||| UPGRADING to +8 chain mail of Infinity {Str+4}.
  8544 | D:9      | 8544 ||| DROPPING +0 plate armour.
  8545 | D:9      | 8545 ||| UPGRADING to ring of positive energy.
  8546 | D:9      | 8546 ||| READING scroll labelled DIOGHI CIRIOX.
  8568 | D:10     | Entered Level 10 of the Dungeon
  8571 | D:10     | Found Idowk's Weapon Boutique.
  8578 | D:10     | 8578 ||| SHOPLISTING +10 broad axe of the Hierophant {elec,
                  | rElec rF+ Int+4 Dex-3} (1329 gold, have 473).
  8590 | D:10     | 8590 ||| INVOKING Heroism.
  8615 | D:10     | 8615 ||| Stepping ~*~*~tactically~*~*~ (hiding).
  8626 | D:10     | 8626 ||| INVOKING Heroism.
  8632 | D:10     | 8632 ||| Stepping ~*~*~tactically~*~*~ (hiding).
  8645 | D:10     | 8645 ||| Stepping ~*~*~tactically~*~*~ (hiding).
  8667 | D:10     | Reached skill level 8 in Fighting
  8683 | D:10     | 8683 ||| DROPPING +2 flail of protection.
  8710 | D:10     | Noticed a boulder beetle
  8711 | D:10     | 8711 ||| Stepping ~*~*~tactically~*~*~ (stealth).
  8714 | D:10     | 8714 ||| INVOKING Heroism.
  8736 | D:10     | Reached skill level 3 in Throwing
  8757 | D:10     | Noticed a wizard
  8758 | D:10     | 8758 ||| INVOKING Heroism.
  8783 | D:10     | Killed a boulder beetle
  8784 | D:10     | Reached skill level 6 in Invocations
  8794 | D:10     | 8794 ||| Stepping ~*~*~tactically~*~*~ (stealth).
  8799 | D:10     | 8799 ||| INVOKING Heroism.
  8801 | D:10     | Killed a wizard
  8801 | D:10     | Reached ***** piety under Okawaru
  8802 | D:10     | Reached XP level 11. HP: 44/74 MP: 12/16
  8802 | D:10     | Noticed a two-headed ogre
  8816 | D:10     | Killed a two-headed ogre
  8816 | D:10     | Received a gift from Okawaru
  9016 | D:10     | 9016 ||| Stepping ~*~*~tactically~*~*~ (stealth).
  9191 | D:10     | Noticed Urug
  9192 | D:10     | 9192 ||| INVOKING Heroism.
  9193 | D:10     | 9193 ||| INVOKING Finesse.
  9211 | D:10     | Killed Urug
  9434 | D:10     | Noticed a death yak
  9436 | D:10     | 9436 ||| INVOKING Heroism.
  9437 | D:10     | 9437 ||| Stepping ~*~*~tactically~*~*~ (stealth).
  9438 | D:10     | 9438 ||| INVOKING Finesse.
  9448 | D:10     | 9448 ||| Stepping ~*~*~tactically~*~*~ (stealth).
  9453 | D:10     | 9453 ||| Stepping ~*~*~tactically~*~*~ (stealth).
  9464 | D:10     | Noticed a death yak
  9470 | D:10     | Killed a death yak
  9480 | D:10     | Noticed a death yak
  9493 | D:10     | Killed a death yak
  9512 | D:10     | Killed a death yak
  9530 | D:10     | Noticed Maurice
  9555 | D:10     | Killed Maurice
  9556 | D:10     | Reached skill level 9 in Invocations
  9564 | D:10     | Found a staircase to the Lair.
  9619 | D:10     | 9619 ||| READING scroll of enchant armour.
  9619 | D:10     | 9619 ||| ENCHANTING +0 pair of boots.
  9843 | D:10     | Found a portal to a secret trove of treasure.
  9976 | D:10     | 9976 ||| PLANNING LAIR
  9976 | D:10     | 9976 ||| UPGRADING to scarf of repulsion.
  9986 | D:10     | 9986 ||| DROPPING amulet of regeneration.
  9987 | D:10     | 9987 ||| UPGRADING to amulet of reflection.
  9997 | D:10     | 9997 ||| DROPPING amulet of the acrobat.
  9998 | D:10     | 9998 ||| DRINKING 2 silvery potions.
  9999 | D:10     | 9999 ||| READING 2 scrolls of identify.
  9999 | D:10     | 9999 ||| IDENTIFYING sapphire potion
 10000 | D:10     | 10000 ||| DROPPING potion of ambrosia.
 10042 | Lair:1   | Entered Level 1 of the Lair of Beasts
 10043 | Lair:1   | 10043 ||| INVOKING Heroism.
 10131 | Lair:1   | 10131 ||| INVOKING Heroism.
 10169 | Lair:1   | 10169 ||| INVOKING Heroism.
 10170 | Lair:1   | 10170 ||| Stepping ~*~*~tactically~*~*~ (stealth).
 10182 | Lair:1   | Reached skill level 9 in Fighting
 10224 | Lair:1   | Noticed a six-headed hydra
 10225 | Lair:1   | 10225 ||| INVOKING Heroism.
 10226 | Lair:1   | 10226 ||| INVOKING Finesse.
 10228 | Lair:1   | 10228 ||| SWAPPING to +0 morningstar.
 10233 | Lair:1   | Killed a six-headed hydra
 10234 | Lair:1   | 10234 ||| SWAPPING to +1 vampiric hand axe.
 10313 | Lair:1   | Found an iron altar of Okawaru.
 10314 | Lair:1   | 10314 ||| INVOKING Heroism.
 10494 | Lair:1   | 10494 ||| Stepping ~*~*~tactically~*~*~ (stealth).
 10568 | Lair:1   | Noticed an eight-headed hydra
 10569 | Lair:1   | 10569 ||| INVOKING Heroism.
 10570 | Lair:1   | 10570 ||| INVOKING Finesse.
 10572 | Lair:1   | 10572 ||| SWAPPING to +0 morningstar.
 10583 | Lair:1   | Killed an eight-headed hydra
 10583 | Lair:1   | Identified the +5 broad axe of the Freezing God {drain,
                  | Str-2 Int+5 Dex+8 Stlth-} (Okawaru gifted it to you on
                  | level 1 of the Lair of Beasts)
 10583 | Lair:1   | Received a gift from Okawaru
 10584 | Lair:1   | Reached XP level 12. HP: 76/83 MP: 12/19
 10584 | Lair:1   | 10584 ||| SWAPPING to +1 vampiric hand axe.
 10627 | Lair:1   | 10627 ||| SWAPPING to +5 broad axe of the Freezing God
                  | {drain, Str-2 Int+5 Dex+8 Stlth-}.
 10628 | Lair:1   | 10628 ||| DROPPING +0 war axe.
 10629 | Lair:1   | 10629 ||| DROPPING +1 vampiric hand axe.
 10841 | Lair:1   | 10841 ||| Stepping ~*~*~tactically~*~*~ (stealth).
 10843 | Lair:1   | 10843 ||| Stepping ~*~*~tactically~*~*~ (stealth).
 10845 | Lair:1   | 10845 ||| INVOKING Heroism.
 10856 | Lair:1   | Reached skill level 3 in Dodging
 10957 | Lair:1   | You fall into a shaft and drop 1 floor!
 10989 | Lair:2   | 10989 ||| INVOKING Heroism.
 10994 | Lair:2   | Reached skill level 12 in Axes
 11020 | Lair:2   | 11020 ||| Stepping ~*~*~tactically~*~*~ (stealth).
 11104 | Lair:2   | Noticed a four-headed hydra
 11105 | Lair:2   | 11105 ||| INVOKING Heroism.
 11106 | Lair:2   | 11106 ||| INVOKING Finesse.
 11108 | Lair:2   | 11108 ||| SWAPPING to +0 morningstar.
 11113 | Lair:2   | Killed a four-headed hydra
 11114 | Lair:2   | Reached skill level 6 in Shields
 11114 | Lair:2   | 11114 ||| SWAPPING to +5 broad axe of the Freezing God
                  | {drain, Str-2 Int+5 Dex+8 Stlth-}.
 11195 | Lair:2   | Identified the ring "Podao" {MP+9 Int+4 SInv}
 11282 | Lair:2   | 11282 ||| UPGRADING to +0 kite shield.
 11292 | Lair:2   | 11292 ||| DROPPING +0 buckler.
 11293 | Lair:2   | 11293 ||| UPGRADING to ring "Podao" {MP+9 Int+4 SInv}.
 11294 | Lair:2   | 11294 ||| READING scroll labelled MIR BAVURU.
 11336 | Lair:2   | 11336 ||| READING 4 scrolls of identify.
 11336 | Lair:2   | 11336 ||| IDENTIFYING dark potion
 11442 | Lair:1   | 11442 ||| INVOKING Heroism.
 11741 | Lair:2   | 11741 ||| INVOKING Heroism.
 11747 | Lair:2   | 11747 ||| Stepping ~*~*~tactically~*~*~ (stealth).
 11750 | Lair:2   | 11750 ||| Stepping ~*~*~tactically~*~*~ (stealth).
 12004 | Lair:3   | 12004 ||| INVOKING Heroism.
 12029 | Lair:3   | Received a gift from Okawaru
 12031 | Lair:3   | 12031 ||| DROPPING +2 broad axe of venom.
 12034 | Lair:3   | Found a staircase to the Snake Pit.
 12095 | Lair:3   | 12095 ||| INVOKING Heroism.
 12204 | Lair:3   | Identified the +6 rapier "Vokid" {freeze, rPois Int+2
                  | Dex+2}
 12266 | Lair:3   | 12266 ||| INVOKING Heroism.
 12275 | Lair:3   | Reached skill level 9 in Shields
 12279 | Lair:3   | Found a staircase to the Shoals.
 12447 | Lair:3   | 12447 ||| Stepping ~*~*~tactically~*~*~ (stealth).
 12449 | Lair:3   | 12449 ||| INVOKING Heroism.
 12451 | Lair:3   | 12451 ||| Stepping ~*~*~tactically~*~*~ (stealth).
 12877 | Lair:3   | 12877 ||| DROPPING amulet of faith.
 12878 | Lair:3   | 12878 ||| READING scroll labelled HONIN YROXO.
 12987 | Lair:4   | 12987 ||| INVOKING Heroism.
 12993 | Lair:4   | Received a gift from Okawaru
 12995 | Lair:4   | Reached XP level 13. HP: 88/88 MP: 20/20
 13008 | Lair:4   | Found a staircase to the Slime Pits.
 13008 | Lair:4   | Found a viscous altar of Jiyva.
 13017 | Lair:4   | 13017 ||| Stepping ~*~*~tactically~*~*~ (stealth).
 13081 | Lair:4   | 13081 ||| Stepping ~*~*~tactically~*~*~ (hiding).
 13089 | Lair:4   | 13089 ||| INVOKING Heroism.
 13094 | Lair:4   | Noticed Nessos
 13094 | Lair:4   | 13094 ||| Stepping ~*~*~tactically~*~*~ (stealth).
 13118 | Lair:4   | 13118 ||| Stepping ~*~*~tactically~*~*~ (stealth).
 13120 | Lair:4   | 13120 ||| Stepping ~*~*~tactically~*~*~ (hiding).
 13121 | Lair:4   | 13121 ||| Stepping ~*~*~tactically~*~*~ (hiding).
 13123 | Lair:4   | 13123 ||| INVOKING Finesse.
 13131 | Lair:4   | 13131 ||| SWAPPING to +0 morningstar.
 13131 | Lair:4   | Killed Nessos
 13134 | Lair:4   | 13134 ||| INVOKING Heroism.
 13144 | Lair:4   | Reached skill level 10 in Fighting
 13144 | Lair:4   | 13144 ||| SWAPPING to +5 broad axe of the Freezing God
                  | {drain, Str-2 Int+5 Dex+8 Stlth-}.
 13236 | Lair:4   | 13236 ||| READING scroll of enchant armour.
 13236 | Lair:4   | 13236 ||| ENCHANTING +1 pair of boots.
 13267 | Lair:4   | 13267 ||| INVOKING Heroism.
 13350 | Lair:4   | Identified the +7 rapier "Vairaec" {antimagic, rPois Str+4
                  | Dex+4}
 13491 | Lair:4   | 13491 ||| Stepping ~*~*~tactically~*~*~ (stealth).
 13507 | Lair:4   | 13507 ||| INVOKING Heroism.
 13576 | Lair:4   | 13576 ||| Stepping ~*~*~tactically~*~*~ (stealth).
 13578 | Lair:4   | 13578 ||| INVOKING Heroism.
 14000 | Lair:4   | 14000 ||| Stepping ~*~*~tactically~*~*~ (hiding).
 14113 | Lair:4   | 14113 ||| DROPPING +0 cloak.
 14114 | Lair:4   | 14114 ||| DROPPING +1 pair of boots.
 14115 | Lair:4   | 14115 ||| DROPPING ring of positive energy.
 14116 | Lair:4   | 14116 ||| UPGRADING to +6 ring of strength.
 14158 | Lair:5   | Entered Level 5 of the Lair of Beasts
 14159 | Lair:5   | 14159 ||| STAIRDANCE
 14199 | Lair:5   | 14199 ||| STAIRDANCE
 14201 | Lair:4   | 14201 ||| INVOKING Heroism.
 14299 | Lair:5   | 14299 ||| STAIRDANCE
 14341 | Lair:5   | 14341 ||| STAIRDANCE
 14343 | Lair:4   | 14343 ||| INVOKING Heroism.
 14446 | Lair:5   | 14446 ||| STAIRDANCE
 14448 | Lair:4   | 14448 ||| INVOKING Heroism.
 14478 | Lair:5   | 14478 ||| STAIRDANCE
 14486 | Lair:5   | 14486 ||| STAIRDANCE
 14493 | Lair:5   | 14493 ||| STAIRDANCE
 14622 | Lair:5   | 14622 ||| Stepping ~*~*~tactically~*~*~ (stealth).
 14625 | Lair:5   | 14625 ||| INVOKING Heroism.
 14626 | Lair:5   | 14626 ||| INVOKING Finesse.
 14746 | Lair:5   | Received a gift from Okawaru
 14783 | Lair:5   | 14783 ||| FLEEEEING.
 14784 | Lair:5   | 14784 ||| INVOKING Heroism.
 15042 | Lair:5   | 15042 ||| Stepping ~*~*~tactically~*~*~ (water).
 15046 | Lair:5   | Received a gift from Okawaru
 15054 | Lair:5   | 15054 ||| INVOKING Heroism.
 15316 | Lair:5   | 15316 ||| Stepping ~*~*~tactically~*~*~ (stealth).
 15318 | Lair:5   | 15318 ||| Stepping ~*~*~tactically~*~*~ (stealth).
 15320 | Lair:5   | 15320 ||| Stepping ~*~*~tactically~*~*~ (stealth).
 15321 | Lair:5   | 15321 ||| Stepping ~*~*~tactically~*~*~ (stealth).
 15322 | Lair:5   | 15322 ||| Stepping ~*~*~tactically~*~*~ (stealth).
 15323 | Lair:5   | 15323 ||| Stepping ~*~*~tactically~*~*~ (stealth).
 15324 | Lair:5   | 15324 ||| Stepping ~*~*~tactically~*~*~ (stealth).
 15325 | Lair:5   | 15325 ||| Stepping ~*~*~tactically~*~*~ (stealth).
 15326 | Lair:5   | 15326 ||| INVOKING Heroism.
 15328 | Lair:5   | 15328 ||| Stepping ~*~*~tactically~*~*~ (stealth).
 15384 | Lair:5   | 15384 ||| INVOKING Heroism.
 15398 | Lair:5   | Gained mutation: Your large and strong wings let you fly.
                  | [Gargoyle growth]
 15398 | Lair:5   | Reached XP level 14. HP: 93/96 MP: 21/21
 15447 | Lair:5   | 15447 ||| INVOKING Heroism.
 15448 | Lair:5   | 15448 ||| INVOKING Finesse.
 15719 | Lair:5   | 15719 ||| Stepping ~*~*~tactically~*~*~ (stealth).
 15721 | Lair:5   | 15721 ||| Stepping ~*~*~tactically~*~*~ (hiding).
 15724 | Lair:5   | 15724 ||| INVOKING Heroism.
 15740 | Lair:5   | 15740 ||| INVOKING Finesse.
 15764 | Lair:5   | 15764 ||| Stepping ~*~*~tactically~*~*~ (stealth).
 15765 | Lair:5   | 15765 ||| Stepping ~*~*~tactically~*~*~ (stealth).
 15782 | Lair:5   | 15782 ||| Stepping ~*~*~tactically~*~*~ (stealth).
 15783 | Lair:5   | 15783 ||| Stepping ~*~*~tactically~*~*~ (stealth).
 15806 | Lair:5   | 15806 ||| INVOKING Heroism.
 15809 | Lair:5   | 15809 ||| INVOKING Finesse.
 15819 | Lair:5   | Reached skill level 11 in Fighting
 15851 | Lair:5   | 15851 ||| Stepping ~*~*~tactically~*~*~ (stealth).
 15884 | Lair:5   | 15884 ||| Stepping ~*~*~tactically~*~*~ (stealth).
 15885 | Lair:5   | 15885 ||| Stepping ~*~*~tactically~*~*~ (stealth).
 15911 | Lair:5   | 15911 ||| INVOKING Heroism.
 15998 | Lair:5   | 15998 ||| Stepping ~*~*~tactically~*~*~ (stealth).
 16001 | Lair:5   | 16001 ||| INVOKING Heroism.
 16003 | Lair:5   | 16003 ||| INVOKING Finesse.
 16004 | Lair:5   | 16004 ||| Stepping ~*~*~tactically~*~*~ (stealth).
 16021 | Lair:5   | 16021 ||| Stepping ~*~*~tactically~*~*~ (stealth).
 16022 | Lair:5   | 16022 ||| Stepping ~*~*~tactically~*~*~ (stealth).
 16025 | Lair:5   | 16025 ||| Stepping ~*~*~tactically~*~*~ (stealth).
 16065 | Lair:5   | Received a gift from Okawaru
 16068 | Lair:5   | 16068 ||| INVOKING Heroism.
 16073 | Lair:5   | Reached skill level 9 in Armour
 16524 | Lair:5   | 16524 ||| PLANNING D:1-11
 16524 | Lair:5   | 16524 ||| DROPPING +1 cloak.
 16669 | D:11     | 16669 ||| INVOKING Heroism.
 16915 | D:11     | 16915 ||| INVOKING Heroism.
 16927 | D:11     | Reached skill level 12 in Shields
 17045 | D:11     | Noticed Erolcha
 17046 | D:11     | 17046 ||| Stepping ~*~*~tactically~*~*~ (stealth).
 17056 | D:11     | 17056 ||| Stepping ~*~*~tactically~*~*~ (stealth).
 17058 | D:11     | 17058 ||| Stepping ~*~*~tactically~*~*~ (hiding).
 17060 | D:11     | 17060 ||| Stepping ~*~*~tactically~*~*~ (hiding).
 17063 | D:11     | 17063 ||| INVOKING Heroism.
 17069 | D:11     | Killed Erolcha
 17165 | D:11     | 17165 ||| INVOKING Heroism.
 17179 | D:11     | 17179 ||| Stepping ~*~*~tactically~*~*~ (stealth).
 17200 | D:11     | 17200 ||| Stepping ~*~*~tactically~*~*~ (stealth).
 17283 | D:11     | 17283 ||| Stepping ~*~*~tactically~*~*~ (stealth).
 17288 | D:11     | 17288 ||| INVOKING Heroism.
 17429 | D:11     | 17429 ||| INVOKING Heroism.
 17430 | D:11     | 17430 ||| INVOKING Finesse.
 17434 | D:11     | 17434 ||| SWAPPING to +0 morningstar.
 17444 | D:11     | 17444 ||| SWAPPING to +5 broad axe of the Freezing God
                  | {drain, Str-2 Int+5 Dex+8 Stlth-}.
 17510 | D:11     | 17510 ||| PLANNING D
 17552 | D:12     | 17552 ||| Stepping ~*~*~tactically~*~*~ (stealth).
 17554 | D:12     | 17554 ||| Stepping ~*~*~tactically~*~*~ (hiding).
 17557 | D:12     | 17557 ||| Stepping ~*~*~tactically~*~*~ (stealth).
 17561 | D:12     | 17561 ||| INVOKING Heroism.
 17567 | D:12     | 17567 ||| Stepping ~*~*~tactically~*~*~ (stealth).
 17571 | D:12     | 17571 ||| Stepping ~*~*~tactically~*~*~ (stealth).
 17581 | D:12     | 17581 ||| Stepping ~*~*~tactically~*~*~ (stealth).
 17612 | D:12     | Found a staircase to the Orcish Mines.
 17735 | D:12     | 17735 ||| Stepping ~*~*~tactically~*~*~ (stealth).
 17839 | D:12     | 17839 ||| Stepping ~*~*~tactically~*~*~ (stealth).
 17841 | D:12     | 17841 ||| Stepping ~*~*~tactically~*~*~ (stealth).
 17853 | D:12     | 17853 ||| Stepping ~*~*~tactically~*~*~ (hiding).
 17854 | D:12     | 17854 ||| Stepping ~*~*~tactically~*~*~ (hiding).
 17860 | D:12     | 17860 ||| INVOKING Heroism.
 17863 | D:12     | Reached skill level 6 in Throwing
 17993 | D:12     | 17993 ||| Stepping ~*~*~tactically~*~*~ (stealth).
 17994 | D:12     | Noticed Kirke
 17995 | D:12     | 17995 ||| INVOKING Heroism.
 18008 | D:12     | Killed Kirke
 18150 | D:12     | 18150 ||| INVOKING Heroism.
 18191 | D:12     | Found a runed translucent door.
 18194 | D:12     | Noticed Oluepnoxkoro's ghost (journeyman GnTm)
 18475 | D:13     | 18475 ||| Stepping ~*~*~tactically~*~*~ (hiding).
 18477 | D:13     | 18477 ||| INVOKING Heroism.
 18494 | D:13     | 18494 ||| INVOKING Finesse.
 18496 | D:13     | 18496 ||| INVOKING Heroism.
 18563 | D:13     | Found a hazy altar of Hepliaklqana.
 18565 | D:13     | 18565 ||| INVOKING Heroism.
 18620 | D:13     | Reached skill level 15 in Axes
 18647 | D:13     | 18647 ||| INVOKING Heroism.
 18655 | D:13     | Received a gift from Okawaru
 18656 | D:13     | Noticed Azrael
 18657 | D:13     | 18657 ||| INVOKING Finesse.
 18675 | D:13     | Killed Azrael
 18749 | D:13     | Reached XP level 15. HP: 97/105 MP: 22/22
 18876 | D:13     | Reached skill level 12 in Fighting
 18947 | D:13     | 18947 ||| INVOKING Heroism.
 18948 | D:13     | 18948 ||| SWAPPING to +0 morningstar.
 18949 | D:13     | 18949 ||| INVOKING Finesse.
 18953 | D:13     | 18953 ||| SWAPPING to +5 broad axe of the Freezing God
                  | {drain, Str-2 Int+5 Dex+8 Stlth-}.
 19146 | D:14     | 19146 ||| READING 14 scrolls of teleportation.
 19218 | D:14     | Found Qeivith's General Store.
 19228 | D:14     | 19228 ||| BUYING +4 ring of slaying (1248 gold).
 19228 | D:14     | Bought a +4 ring of slaying for 1248 gold pieces
 19228 | D:14     | 19228 ||| BUYING potion of cancellation (128 gold).
 19228 | D:14     | Bought a potion of cancellation for 128 gold pieces
 19288 | D:14     | 19288 ||| INVOKING Heroism.
 19301 | D:14     | 19301 ||| Stepping ~*~*~tactically~*~*~ (hiding).
 19311 | D:14     | 19311 ||| Stepping ~*~*~tactically~*~*~ (hiding).
 19312 | D:14     | 19312 ||| Stepping ~*~*~tactically~*~*~ (hiding).
 19313 | D:14     | 19313 ||| Stepping ~*~*~tactically~*~*~ (hiding).
 19314 | D:14     | 19314 ||| Stepping ~*~*~tactically~*~*~ (hiding).
 19321 | D:14     | Received a gift from Okawaru
 19444 | D:14     | 19444 ||| INVOKING Heroism.
 19468 | D:14     | Found a gate to the Vaults.
 19521 | D:14     | Identified the +1 chain mail "Rutoakk" {rC+ Dex+3}
 19527 | D:14     | 19527 ||| Stepping ~*~*~tactically~*~*~ (hiding).
 19534 | D:14     | Received a gift from Okawaru
 19714 | D:14     | Noticed a sphinx
 19715 | D:14     | Noticed a storm dragon
 19718 | D:14     | 19718 ||| FLEEEEING.
 19719 | D:14     | 19719 ||| FLEEEEING.
 19720 | D:14     | 19720 ||| INVOKING Heroism.
 19721 | D:14     | 19721 ||| SWAPPING to +0 morningstar.
 19722 | D:14     | 19722 ||| INVOKING Finesse.
 19724 | D:14     | 19724 ||| Stepping ~*~*~tactically~*~*~ (outnumbered).
 19726 | D:14     | Noticed an iron dragon
 19733 | D:14     | 19733 ||| SWAPPING to +5 broad axe of the Freezing God
                  | {drain, Str-2 Int+5 Dex+8 Stlth-}.
 19740 | D:14     | Killed a sphinx
 19744 | D:14     | Noticed a frost giant
 19746 | D:14     | Killed a storm dragon
 19760 | D:14     | Killed an iron dragon
 19765 | D:14     | Killed a frost giant
 19999 | D:14     | Identified the ring "Xupirch" {Fire rElec rPois rN++ Will-}
 20067 | D:14     | Found a shadowy altar of Dithmenos.
 20102 | D:14     | 20102 ||| INVOKING Heroism.
 20157 | D:14     | 20157 ||| UPGRADING to +2 kite shield of poison resistance.
 20216 | D:14     | 20216 ||| DROPPING +0 kite shield.
 20238 | D:14     | 20238 ||| INVOKING Heroism.
 20240 | D:14     | 20240 ||| INVOKING Finesse.
 20242 | D:14     | 20242 ||| Stepping ~*~*~tactically~*~*~ (hiding).
 20245 | D:14     | 20245 ||| Stepping ~*~*~tactically~*~*~ (hiding).
 20249 | D:14     | 20249 ||| SWAPPING to +0 morningstar.
 20253 | D:14     | 20253 ||| SWAPPING to +5 broad axe of the Freezing God
                  | {drain, Str-2 Int+5 Dex+8 Stlth-}.
 20259 | D:14     | Received a gift from Okawaru
 20306 | D:14     | 20306 ||| Stepping ~*~*~tactically~*~*~ (stealth).
 20307 | D:14     | 20307 ||| Stepping ~*~*~tactically~*~*~ (stealth).
 20309 | D:14     | 20309 ||| INVOKING Heroism.
 20310 | D:14     | 20310 ||| SWAPPING to +0 morningstar.
 20311 | D:14     | 20311 ||| INVOKING Finesse.
 20316 | D:14     | 20316 ||| SWAPPING to +5 broad axe of the Freezing God
                  | {drain, Str-2 Int+5 Dex+8 Stlth-}.
 20353 | D:14     | 20353 ||| Stepping ~*~*~tactically~*~*~ (hiding).
 20354 | D:14     | 20354 ||| Stepping ~*~*~tactically~*~*~ (hiding).
 20356 | D:14     | 20356 ||| Stepping ~*~*~tactically~*~*~ (hiding).
 20357 | D:14     | 20357 ||| Stepping ~*~*~tactically~*~*~ (hiding).
 20358 | D:14     | 20358 ||| Stepping ~*~*~tactically~*~*~ (hiding).
 20625 | D:14     | 20625 ||| UPGRADING to +4 ring of slaying {mikee}.
 20627 | D:14     | 20627 ||| DROPPING ring of see invisible.
 20628 | D:14     | 20628 ||| DROPPING ring of positive energy.
 20629 | D:14     | 20629 ||| DROPPING +6 ring of strength.
 20662 | D:15     | Entered Level 15 of the Dungeon
 20667 | D:15     | 20667 ||| Stepping ~*~*~tactically~*~*~ (stealth).
 20669 | D:15     | 20669 ||| Stepping ~*~*~tactically~*~*~ (stealth).
 20670 | D:15     | 20670 ||| Stepping ~*~*~tactically~*~*~ (stealth).
 20672 | D:15     | 20672 ||| INVOKING Heroism.
 20673 | D:15     | 20673 ||| Stepping ~*~*~tactically~*~*~ (stealth).
 20677 | D:15     | Identified the +1 helmet "Xiwkipaeni" {rCorr} (Okawaru
                  | gifted it to you on level 15 of the Dungeon)
 20677 | D:15     | Received a gift from Okawaru
 20729 | D:15     | Identified the +3 flail of Circular Logic {pain, Int+2}
 20733 | D:15     | Found a stormy altar of Qazlal.
 20736 | D:15     | 20736 ||| Stepping ~*~*~tactically~*~*~ (hiding).
 20843 | D:15     | 20843 ||| DROPPING +3 flail of Circular Logic {pain,
                  | Int+2}.
 20961 | D:15     | 20961 ||| INVOKING Heroism.
 20962 | D:15     | 20962 ||| SWAPPING to +0 morningstar.
 20963 | D:15     | 20963 ||| SWAPPING to +5 broad axe of the Freezing God
                  | {drain, Str-2 Int+5 Dex+8 Stlth-}.
 20965 | D:15     | 20965 ||| SWAPPING to +0 morningstar.
 20966 | D:15     | 20966 ||| INVOKING Finesse.
 20967 | D:15     | 20967 ||| Stepping ~*~*~tactically~*~*~ (outnumbered).
 20968 | D:15     | 20968 ||| Stepping ~*~*~tactically~*~*~ (outnumbered).
 20978 | D:15     | 20978 ||| SWAPPING to +5 broad axe of the Freezing God
                  | {drain, Str-2 Int+5 Dex+8 Stlth-}.
 20979 | D:15     | 20979 ||| SWAPPING to +0 morningstar.
 20986 | D:15     | 20986 ||| SWAPPING to +5 broad axe of the Freezing God
                  | {drain, Str-2 Int+5 Dex+8 Stlth-}.
 21035 | D:15     | Found a staircase to the Depths.
 21090 | D:15     | Identified the +6 flail of Ituganwysm {flame, rPois rN+
                  | rCorr}
 21092 | D:15     | 21092 ||| DROPPING +6 flail of Ituganwysm {flame, rPois rN+
                  | rCorr}.
 21120 | D:15     | 21120 ||| Stepping ~*~*~tactically~*~*~ (stealth).
 21122 | D:15     | 21122 ||| Stepping ~*~*~tactically~*~*~ (stealth).
 21124 | D:15     | 21124 ||| Stepping ~*~*~tactically~*~*~ (stealth).
 21132 | D:15     | 21132 ||| INVOKING Heroism.
 21174 | D:15     | Reached XP level 16. HP: 99/111 MP: 23/23
 21710 | D:15     | 21710 ||| PLANNING ORC
 21710 | D:15     | 21710 ||| DROPPING +1 helmet "Xiwkipaeni" {rCorr}.
 21809 | Orc:1    | Entered Level 1 of the Orcish Mines
 21815 | Orc:1    | 21815 ||| INVOKING Heroism.
 21901 | Orc:1    | 21901 ||| Stepping ~*~*~tactically~*~*~ (hiding).
 21911 | Orc:1    | 21911 ||| Stepping ~*~*~tactically~*~*~ (hiding).
 22003 | Orc:1    | 22003 ||| Stepping ~*~*~tactically~*~*~ (hiding).
 22038 | Orc:1    | 22038 ||| Stepping ~*~*~tactically~*~*~ (stealth).
 22051 | Orc:1    | 22051 ||| INVOKING Heroism.
 22121 | Orc:1    | 22121 ||| INVOKING Heroism.
 22335 | Orc:2    | Entered Level 2 of the Orcish Mines
 22336 | Orc:2    | 22336 ||| Stepping ~*~*~tactically~*~*~ (hiding).
 22341 | Orc:2    | 22341 ||| INVOKING Heroism.
 22583 | Orc:2    | 22583 ||| INVOKING Heroism.
 22621 | Orc:2    | Found Cohibug's Distillery.
 22621 | Orc:2    | Found Rulorcha's Armour Shop.
 22635 | Orc:2    | Found Amazuef's General Store.
 22637 | Orc:2    | Found Xecuon's Armour Boutique.
 22642 | Orc:2    | 22642 ||| BUYING 2 potions of haste (340 gold).
 22642 | Orc:2    | Bought 2 potions of haste for 340 gold pieces
 22642 | Orc:2    | 22642 ||| BUYING potion of curing (51 gold).
 22642 | Orc:2    | Bought a potion of curing for 51 gold pieces
 22642 | Orc:2    | 22642 ||| BUYING potion of curing (51 gold).
 22642 | Orc:2    | Bought a potion of curing for 51 gold pieces
 22642 | Orc:2    | 22642 ||| BUYING potion of resistance (170 gold).
 22642 | Orc:2    | Bought a potion of resistance for 170 gold pieces
 22649 | Orc:2    | 22649 ||| SHOPLISTING +9 scales of the Dragon King {rPois
                  | rF+ rC+ Will+} (1747 gold, have 305).
 22686 | Orc:2    | 22686 ||| INVOKING Heroism.
 22732 | Orc:2    | Found a staircase to the Elven Halls.
 22810 | Orc:2    | Noticed Snorg
 22812 | Orc:2    | 22812 ||| INVOKING Finesse.
 22821 | Orc:2    | Killed Snorg
 22849 | Orc:2    | 22849 ||| Stepping ~*~*~tactically~*~*~ (stealth).
 22851 | Orc:2    | 22851 ||| Stepping ~*~*~tactically~*~*~ (hiding).
 22865 | Orc:2    | 22865 ||| Stepping ~*~*~tactically~*~*~ (stealth).
 23048 | Orc:2    | 23048 ||| Stepping ~*~*~tactically~*~*~ (stealth).
 23050 | Orc:2    | 23050 ||| Stepping ~*~*~tactically~*~*~ (hiding).
 23225 | Orc:2    | 23225 ||| PLANNING SHOALS:1-3
 23368 | Shoals:1 | Entered Level 1 of the Shoals
 23396 | Shoals:1 | Found Nymutu's Weapon Shop.
 23421 | Shoals:1 | Received a gift from Okawaru
 23475 | Shoals:1 | 23475 ||| INVOKING Heroism.
 23488 | Shoals:1 | 23488 ||| Stepping ~*~*~tactically~*~*~ (hiding).
 23515 | Shoals:1 | Found Teho Zed's Assorted Antiques.
 23519 | Shoals:1 | 23519 ||| Stepping ~*~*~tactically~*~*~ (stealth).
 23535 | Shoals:1 | 23535 ||| BUYING cabochon ring (160 gold).
 23535 | Shoals:1 | Bought a cabochon ring for 160 gold pieces
 23535 | Shoals:1 | 23535 ||| BUYING potion of curing (96 gold).
 23535 | Shoals:1 | Bought a potion of curing for 96 gold pieces
 23535 | Shoals:1 | 23535 ||| BUYING potion of haste (320 gold).
 23535 | Shoals:1 | Bought a potion of haste for 320 gold pieces
 23535 | Shoals:1 | 23535 ||| SHOPLISTING scroll of blinking (240 gold, have
                  | 112).
 23541 | Shoals:1 | Noticed Louise
 23542 | Shoals:1 | 23542 ||| INVOKING Heroism.
 23556 | Shoals:1 | Killed Louise
 23557 | Shoals:1 | Reached skill level 13 in Fighting
 23564 | Shoals:1 | Received a gift from Okawaru
 23687 | Shoals:1 | 23687 ||| DROPPING +0 morningstar.
 23701 | Shoals:1 | 23701 ||| Stepping ~*~*~tactically~*~*~ (stealth).
 23726 | Shoals:1 | 23726 ||| Stepping ~*~*~tactically~*~*~ (hiding).
 23758 | Shoals:1 | Received a gift from Okawaru
 23766 | Shoals:1 | 23766 ||| INVOKING Heroism.
 23780 | Shoals:1 | 23780 ||| Stepping ~*~*~tactically~*~*~ (stealth).
 23906 | Shoals:1 | 23906 ||| Stepping ~*~*~tactically~*~*~ (stealth).
 23907 | Shoals:1 | 23907 ||| Stepping ~*~*~tactically~*~*~ (stealth).
 23908 | Shoals:1 | 23908 ||| Stepping ~*~*~tactically~*~*~ (stealth).
 23972 | Shoals:1 | Found Vulollec's Antique Armour Emporium.
 23973 | Shoals:1 | 23973 ||| INVOKING Heroism.
 23976 | Shoals:1 | Received a gift from Okawaru
 24003 | Shoals:1 | Received a gift from Okawaru
 24017 | Shoals:1 | 24017 ||| SHOPLISTING glowing plate armour (1040 gold, have
                  | 253).
 24017 | Shoals:1 | 24017 ||| SHOPLISTING pair of embroidered gloves (300 gold,
                  | have 253).
 24025 | Shoals:1 | 24025 ||| INVOKING Heroism.
 24072 | Shoals:1 | Found Suan's Jewellery Shoppe.
 24080 | Shoals:1 | 24080 ||| SHOPLISTING amulet "Baxurete" {rF- Regen+ Dex+4
                  | SInv} (468 gold, have 253).
 24126 | Shoals:1 | Found Jisomuek's Assorted Antiques.
 24150 | Shoals:1 | 24150 ||| SHOPLISTING glowing helmet (255 gold, have 253).
 24150 | Shoals:1 | 24150 ||| BUYING potion of attraction (102 gold).
 24150 | Shoals:1 | Bought a potion of attraction for 102 gold pieces
 24150 | Shoals:1 | 24150 ||| BUYING scroll of teleportation (102 gold).
 24150 | Shoals:1 | Bought a scroll of teleportation for 102 gold pieces
 24492 | Shoals:1 | 24492 ||| UPGRADING to +0 tower shield.
 24502 | Shoals:1 | 24502 ||| DROPPING +2 kite shield of poison resistance.
 24503 | Shoals:1 | 24503 ||| DROPPING ring of willpower.
 24544 | Shoals:2 | 24544 ||| INVOKING Heroism.
 24644 | Shoals:2 | 24644 ||| INVOKING Heroism.
 24666 | Shoals:2 | 24666 ||| INVOKING Finesse.
 24915 | Shoals:2 | 24915 ||| INVOKING Heroism.
 25011 | Shoals:2 | 25011 ||| INVOKING Heroism.
 25014 | Shoals:2 | Reached XP level 17. HP: 93/118 MP: 24/24
 25228 | Shoals:2 | 25228 ||| INVOKING Heroism.
 25286 | Shoals:2 | Reached skill level 15 in Shields
 25333 | Shoals:2 | 25333 ||| Stepping ~*~*~tactically~*~*~ (hiding).
 25606 | Shoals:3 | 25606 ||| INVOKING Heroism.
 25859 | Shoals:3 | Noticed Donald
 25860 | Shoals:3 | 25860 ||| Stepping ~*~*~tactically~*~*~ (hiding).
 25863 | Shoals:3 | 25863 ||| INVOKING Heroism.
 25864 | Shoals:3 | 25864 ||| INVOKING Finesse.
 25877 | Shoals:3 | Killed Donald
 25908 | Shoals:3 | 25908 ||| INVOKING Heroism.
 25908 | Shoals:3 | Noticed Mlioglotl
 25909 | Shoals:3 | 25909 ||| INVOKING Finesse.
 25919 | Shoals:3 | Noticed a tentacled starspawn
 25929 | Shoals:3 | Killed Mlioglotl
 26233 | Shoals:3 | Noticed Jorgrun
 26247 | Shoals:3 | Killed Jorgrun
 26272 | Shoals:3 | 26272 ||| INVOKING Heroism.
 26301 | Shoals:3 | 26301 ||| INVOKING Heroism.
 26313 | Shoals:3 | Received a gift from Okawaru
 26412 | Shoals:3 | 26412 ||| Stepping ~*~*~tactically~*~*~ (stealth).
 26419 | Shoals:3 | Received a gift from Okawaru
 26469 | Shoals:3 | 26469 ||| Stepping ~*~*~tactically~*~*~ (hiding).
 26471 | Shoals:3 | 26471 ||| INVOKING Heroism.
 26650 | Shoals:3 | 26650 ||| PLANNING SNAKE:1-3
 26736 | Snake:1  | Entered Level 1 of the Snake Pit
 26794 | Snake:1  | 26794 ||| Stepping ~*~*~tactically~*~*~ (stealth).
 26796 | Snake:1  | 26796 ||| Stepping ~*~*~tactically~*~*~ (hiding).
 26849 | Snake:1  | Noticed Nikola
 26852 | Snake:1  | 26852 ||| INVOKING Heroism.
 26853 | Snake:1  | 26853 ||| INVOKING Finesse.
 26854 | Snake:1  | 26854 ||| INVOKING Finesse.
 26863 | Snake:1  | Killed Nikola
 26878 | Snake:1  | 26878 ||| Stepping ~*~*~tactically~*~*~ (stealth).
 26879 | Snake:1  | 26879 ||| Stepping ~*~*~tactically~*~*~ (stealth).
 26919 | Snake:1  | 26919 ||| Stepping ~*~*~tactically~*~*~ (stealth).
 26920 | Snake:1  | 26920 ||| Stepping ~*~*~tactically~*~*~ (hiding).
 26930 | Snake:1  | 26930 ||| Stepping ~*~*~tactically~*~*~ (stealth).
 27041 | Snake:1  | 27041 ||| Stepping ~*~*~tactically~*~*~ (stealth).
 27089 | Snake:1  | Found a runed translucent door.
 27089 | Snake:1  | Noticed Elinuc's ghost (adept DEHW)
 27127 | Snake:1  | 27127 ||| INVOKING Heroism.
 27144 | Snake:1  | Received a gift from Okawaru
 28147 | Snake:2  | 28147 ||| STAIRDANCE
 28193 | Snake:2  | 28193 ||| STAIRDANCE
 28194 | Snake:2  | 28194 ||| INVOKING Heroism.
 28199 | Snake:2  | 28199 ||| STAIRDANCE
 28203 | Snake:1  | Reached skill level 18 in Axes
 28444 | Snake:2  | 28444 ||| Stepping ~*~*~tactically~*~*~ (hiding).
 28446 | Snake:2  | 28446 ||| Stepping ~*~*~tactically~*~*~ (hiding).
 28497 | Snake:2  | 28497 ||| INVOKING Heroism.
 28513 | Snake:2  | Identified the +1 helmet of Indomitability {rF+ Int+2 Dex+4
                  | Stlth+} (Okawaru gifted it to you on level 2 of the Snake
                  | Pit)
 28513 | Snake:2  | Received a gift from Okawaru
 28550 | Snake:2  | 28550 ||| Stepping ~*~*~tactically~*~*~ (hiding).
 28650 | Snake:2  | 28650 ||| INVOKING Heroism.
 28805 | Snake:2  | 28805 ||| INVOKING Heroism.
 28835 | Snake:2  | Reached XP level 18. HP: 118/127 MP: 25/25
 28864 | Snake:2  | 28864 ||| DROPPING +3 eveningstar of protection.
 28881 | Snake:2  | 28881 ||| Stepping ~*~*~tactically~*~*~ (hiding).
 28882 | Snake:2  | 28882 ||| INVOKING Heroism.
 28944 | Snake:2  | 28944 ||| Stepping ~*~*~tactically~*~*~ (hiding).
 28947 | Snake:2  | 28947 ||| Stepping ~*~*~tactically~*~*~ (hiding).
 28949 | Snake:2  | 28949 ||| Stepping ~*~*~tactically~*~*~ (hiding).
 29074 | Snake:2  | Reached skill level 14 in Fighting
 29262 | Snake:2  | 29262 ||| INVOKING Heroism.
 29272 | Snake:2  | Reached skill level 18 in Shields
 29341 | Snake:2  | 29341 ||| UPGRADING to +1 helmet of Indomitability {rF+
                  | Int+2 Dex+4 Stlth+}.
 29351 | Snake:2  | 29351 ||| DROPPING +2 helmet.
 29461 | Snake:3  | 29461 ||| Stepping ~*~*~tactically~*~*~ (hiding).
 29467 | Snake:3  | 29467 ||| INVOKING Heroism.
 29660 | Snake:3  | 29660 ||| Stepping ~*~*~tactically~*~*~ (hiding).
 29663 | Snake:3  | 29663 ||| Stepping ~*~*~tactically~*~*~ (hiding).
 29756 | Snake:3  | 29756 ||| Stepping ~*~*~tactically~*~*~ (stealth).
 29760 | Snake:3  | 29760 ||| Stepping ~*~*~tactically~*~*~ (stealth).
 29773 | Snake:3  | 29773 ||| INVOKING Heroism.
 29773 | Snake:3  | Noticed Saint Roka
 29774 | Snake:3  | 29774 ||| INVOKING Finesse.
 29782 | Snake:3  | Reached skill level 6 in Dodging
 29800 | Snake:3  | Killed Saint Roka
 30138 | Snake:3  | 30138 ||| Stepping ~*~*~tactically~*~*~ (hiding).
 30140 | Snake:3  | 30140 ||| Stepping ~*~*~tactically~*~*~ (hiding).
 30142 | Snake:3  | 30142 ||| Stepping ~*~*~tactically~*~*~ (hiding).
 30147 | Snake:3  | 30147 ||| Stepping ~*~*~tactically~*~*~ (hiding).
 30227 | Snake:3  | 30227 ||| Stepping ~*~*~tactically~*~*~ (hiding).
 30479 | Snake:3  | Found a shadowy altar of Dithmenos.
 30499 | Snake:3  | 30499 ||| Stepping ~*~*~tactically~*~*~ (hiding).
 30503 | Snake:3  | 30503 ||| INVOKING Heroism.
 30668 | Snake:3  | 30668 ||| Stepping ~*~*~tactically~*~*~ (stealth).
 30669 | Snake:3  | 30669 ||| Stepping ~*~*~tactically~*~*~ (stealth).
 30672 | Snake:3  | 30672 ||| Stepping ~*~*~tactically~*~*~ (stealth).
 30708 | Snake:3  | 30708 ||| PLANNING SHOALS:4
 30873 | Shoals:4 | Entered Level 4 of the Shoals
 30874 | Shoals:4 | 30874 ||| INVOKING Heroism.
 30875 | Shoals:4 | 30875 ||| STAIRDANCE
 30977 | Shoals:4 | 30977 ||| READING scroll of acquirement.
 30977 | Shoals:4 | 30977 ||| ACQUIRING 1229 gold pieces
 30977 | Shoals:4 | Acquired 1229 gold pieces
 31002 | Shoals:4 | 31002 ||| Stepping ~*~*~tactically~*~*~ (hiding).
 31005 | Shoals:4 | 31005 ||| INVOKING Heroism.
 31067 | Shoals:4 | 31067 ||| Stepping ~*~*~tactically~*~*~ (stealth).
 31068 | Shoals:4 | 31068 ||| Stepping ~*~*~tactically~*~*~ (stealth).
 31098 | Shoals:4 | 31098 ||| Stepping ~*~*~tactically~*~*~ (stealth).
 31099 | Shoals:4 | 31099 ||| Stepping ~*~*~tactically~*~*~ (stealth).
 31102 | Shoals:4 | 31102 ||| Stepping ~*~*~tactically~*~*~ (stealth).
 31127 | Shoals:4 | 31127 ||| FLEEEEING.
 31135 | Shoals:4 | 31135 ||| STAIRDANCE
 31252 | Shoals:4 | Identified the +9 halberd of Disintegration {pain, +Blink
                  | rF+}
 31258 | Shoals:4 | 31258 ||| Stepping ~*~*~tactically~*~*~ (stealth).
 31260 | Shoals:4 | 31260 ||| Stepping ~*~*~tactically~*~*~ (stealth).
 31264 | Shoals:4 | 31264 ||| INVOKING Heroism.
 31267 | Shoals:4 | Received a gift from Okawaru
 31317 | Shoals:4 | 31317 ||| INVOKING Heroism.
 31349 | Shoals:4 | 31349 ||| FLEEEEING.
 31350 | Shoals:4 | 31350 ||| FLEEEEING.
 31351 | Shoals:4 | 31351 ||| FLEEEEING.
 31352 | Shoals:4 | 31352 ||| FLEEEEING.
 31353 | Shoals:4 | 31353 ||| FLEEEEING.
 31355 | Shoals:4 | 31355 ||| FLEEEEING.
 31356 | Shoals:4 | 31356 ||| FLEEEEING.
 31357 | Shoals:4 | 31357 ||| FLEEEEING.
 31358 | Shoals:4 | 31358 ||| FLEEEEING.
 31359 | Shoals:4 | 31359 ||| FLEEEEING.
 31360 | Shoals:4 | 31360 ||| FLEEEEING.
 31361 | Shoals:4 | 31361 ||| FLEEEEING.
 31362 | Shoals:4 | 31362 ||| INVOKING Heroism.
 31434 | Shoals:4 | 31434 ||| FLEEEEING.
 31438 | Shoals:4 | 31438 ||| STAIRDANCE
 31544 | Shoals:3 | 31544 ||| DROPPING ring of magical power.
 31577 | Shoals:4 | 31577 ||| INVOKING Heroism.
 31578 | Shoals:4 | 31578 ||| INVOKING Finesse.
 31586 | Shoals:4 | Reached skill level 12 in Armour
 31631 | Shoals:4 | 31631 ||| INVOKING Heroism.
 31679 | Shoals:4 | 31679 ||| Stepping ~*~*~tactically~*~*~ (stealth).
 31681 | Shoals:4 | 31681 ||| Stepping ~*~*~tactically~*~*~ (stealth).
 31683 | Shoals:4 | 31683 ||| Stepping ~*~*~tactically~*~*~ (hiding).
 31694 | Shoals:4 | 31694 ||| Stepping ~*~*~tactically~*~*~ (hiding).
 31696 | Shoals:4 | 31696 ||| Stepping ~*~*~tactically~*~*~ (hiding).
 31912 | Shoals:4 | Identified the +10 great mace of the Seeker {vamp, Fragile
                  | rC++ rCorr Stlth+}
 31913 | Shoals:4 | 31913 ||| INVOKING Heroism.
 32066 | Shoals:4 | 32066 ||| INVOKING Heroism.
 32149 | Shoals:4 | 32149 ||| Stepping ~*~*~tactically~*~*~ (stealth).
 32152 | Shoals:4 | Reached skill level 15 in Fighting
 32215 | Shoals:4 | 32215 ||| Stepping ~*~*~tactically~*~*~ (hiding).
 32223 | Shoals:4 | Reached ****** piety under Okawaru
 32316 | Shoals:4 | Identified the +3 ice dragon scales of Seelites {rElec rF-
                  | rC++ Dex+7}
 32317 | Shoals:4 | 32317 ||| Stepping ~*~*~tactically~*~*~ (stealth).
 32319 | Shoals:4 | 32319 ||| Stepping ~*~*~tactically~*~*~ (hiding).
 32330 | Shoals:4 | Identified the +1 pair of boots of Okawaru's Displeasure
                  | {Rampage rCorr} (Okawaru gifted it to you on level 4 of the
                  | Shoals)
 32330 | Shoals:4 | Received a gift from Okawaru
 32342 | Shoals:4 | Got a barnacled rune of Zot
 32350 | Shoals:4 | Found Mimum's Book Boutique.
 32380 | Shoals:4 | 32380 ||| Stepping ~*~*~tactically~*~*~ (stealth).
 32496 | Shoals:4 | 32496 ||| PLANNING VAULTS:1-4
 32496 | Shoals:4 | 32496 ||| DROPPING +1 pair of boots of Okawaru's
                  | Displeasure {Rampage rCorr}.
 32766 | Vaults:1 | Entered Level 1 of the Vaults
 32777 | Vaults:1 | 32777 ||| Stepping ~*~*~tactically~*~*~ (hiding).
 32778 | Vaults:1 | 32778 ||| Stepping ~*~*~tactically~*~*~ (hiding).
 32779 | Vaults:1 | 32779 ||| Stepping ~*~*~tactically~*~*~ (hiding).
 32893 | Vaults:1 | Found Sewkahau's Book Boutique.
 32967 | Vaults:1 | 32967 ||| INVOKING Heroism.
 33017 | Vaults:1 | 33017 ||| Stepping ~*~*~tactically~*~*~ (stealth).
 33085 | Vaults:1 | 33085 ||| Stepping ~*~*~tactically~*~*~ (hiding).
 33182 | Vaults:1 | 33182 ||| Stepping ~*~*~tactically~*~*~ (hiding).
 33191 | Vaults:1 | 33191 ||| INVOKING Heroism.
 33215 | Vaults:1 | 33215 ||| Stepping ~*~*~tactically~*~*~ (hiding).
 33226 | Vaults:1 | Reached XP level 19. HP: 136/136 MP: 26/26
 33550 | Vaults:1 | 33550 ||| Stepping ~*~*~tactically~*~*~ (hiding).
 33552 | Vaults:1 | 33552 ||| Stepping ~*~*~tactically~*~*~ (hiding).
 33674 | Vaults:1 | Reached skill level 9 in Throwing
 33721 | Vaults:1 | 33721 ||| Stepping ~*~*~tactically~*~*~ (hiding).
 33723 | Vaults:1 | 33723 ||| Stepping ~*~*~tactically~*~*~ (hiding).
 33727 | Vaults:1 | 33727 ||| INVOKING Heroism.
 33917 | Vaults:1 | 33917 ||| INVOKING Heroism.
 33963 | Vaults:1 | 33963 ||| Stepping ~*~*~tactically~*~*~ (hiding).
 33987 | Vaults:1 | 33987 ||| INVOKING Heroism.
 33988 | Vaults:1 | 33988 ||| INVOKING Finesse.
 34099 | Vaults:1 | 34099 ||| INVOKING Heroism.
 34100 | Vaults:1 | 34100 ||| INVOKING Finesse.
 34101 | Vaults:1 | 34101 ||| INVOKING Finesse.
 34254 | Vaults:1 | 34254 ||| INVOKING Heroism.
 34403 | Vaults:2 | 34403 ||| Stepping ~*~*~tactically~*~*~ (hiding).
 34760 | Vaults:2 | 34760 ||| Stepping ~*~*~tactically~*~*~ (hiding).
 35040 | Vaults:2 | 35040 ||| INVOKING Heroism.
 35043 | Vaults:2 | Received a gift from Okawaru
 35056 | Vaults:2 | Received a gift from Okawaru
 35066 | Vaults:2 | Reached skill level 16 in Fighting
 35165 | Vaults:2 | 35165 ||| Stepping ~*~*~tactically~*~*~ (stealth).
 35308 | Vaults:2 | Received a gift from Okawaru
 35471 | Vaults:2 | Found a transporter.
 35598 | Vaults:2 | 35598 ||| Stepping ~*~*~tactically~*~*~ (hiding).
 35600 | Vaults:2 | 35600 ||| INVOKING Heroism.
 35601 | Vaults:2 | 35601 ||| INVOKING Finesse.
 35789 | Vaults:2 | Received a gift from Okawaru
 35931 | Vaults:2 | Found Rutes's Antique Armour Shoppe.
 35949 | Vaults:3 | 35949 ||| PLANNING WIZLAB
 36003 | Vaults:3 | Found a magical portal.
 36005 | Vaults:3 | 36005 ||| Stepping ~*~*~tactically~*~*~ (stealth).
 36092 | WizLab   | Entered Yara's Duelist Academy
 36151 | WizLab   | 36151 ||| Stepping ~*~*~tactically~*~*~ (stealth).
 36152 | WizLab   | 36152 ||| Stepping ~*~*~tactically~*~*~ (stealth).
 36154 | WizLab   | 36154 ||| Stepping ~*~*~tactically~*~*~ (hiding).
 36163 | WizLab   | 36163 ||| Stepping ~*~*~tactically~*~*~ (hiding).
 36173 | WizLab   | Received a gift from Okawaru
 36183 | WizLab   | 36183 ||| INVOKING Heroism.
 36342 | WizLab   | 36342 ||| INVOKING Heroism.
 36353 | WizLab   | Received a gift from Okawaru
 36430 | WizLab   | Noticed Gyist
 36440 | WizLab   | 36440 ||| INVOKING Heroism.
 36448 | WizLab   | Killed Gyist the Head Instructor
 36580 | WizLab   | Paralysed by a vampire knight for 3 turns
 36584 | WizLab   | 36584 ||| INVOKING Heroism.
 36814 | WizLab   | 36814 ||| Stepping ~*~*~tactically~*~*~ (hiding).
 36815 | WizLab   | 36815 ||| Stepping ~*~*~tactically~*~*~ (hiding).
 36818 | WizLab   | 36818 ||| Stepping ~*~*~tactically~*~*~ (hiding).
 36821 | WizLab   | 36821 ||| Stepping ~*~*~tactically~*~*~ (hiding).
 36824 | WizLab   | 36824 ||| Stepping ~*~*~tactically~*~*~ (hiding).
 36827 | WizLab   | 36827 ||| Stepping ~*~*~tactically~*~*~ (hiding).
 36830 | WizLab   | 36830 ||| Stepping ~*~*~tactically~*~*~ (hiding).
 36902 | WizLab   | 36902 ||| Stepping ~*~*~tactically~*~*~ (hiding).
 37060 | Vaults:3 | 37060 ||| PLANNING VAULTS:1-4
 37099 | Vaults:3 | 37099 ||| INVOKING Heroism.
 37110 | Vaults:3 | Reached skill level 17 in Fighting
 37118 | Vaults:3 | Received a gift from Okawaru
 37271 | Vaults:3 | Found a staircase to the Crypt.
 37271 | Vaults:3 | Found a basalt altar of Yredelemnul.
 37272 | Vaults:3 | Found an ancient bone altar of Kikubaaqudgha.
 37395 | Vaults:3 | 37395 ||| INVOKING Heroism.
 37407 | Vaults:3 | 37407 ||| INVOKING Finesse.
 37410 | Vaults:3 | Reached XP level 20. HP: 126/147 MP: 27/27
 37421 | Vaults:3 | 37421 ||| Stepping ~*~*~tactically~*~*~ (hiding).
 37451 | Vaults:3 | Paralysed by a great orb of eyes for 5 turns
 37498 | Vaults:3 | 37498 ||| INVOKING Heroism.
 37511 | Vaults:3 | Noticed Asterion
 37517 | Vaults:3 | 37517 ||| INVOKING Finesse.
 37527 | Vaults:3 | Killed Asterion
 37534 | Vaults:3 | Reached skill level 9 in Dodging
 37659 | Vaults:3 | 37659 ||| READING 3 scrolls of acquirement.
 37659 | Vaults:3 | 37659 ||| ACQUIRING +2 pair of boots of the Game of Life
                  | {Harm rElec Str-5 Slay+4}
 37659 | Vaults:3 | Acquired the +2 pair of boots of the Game of Life {Harm
                  | rElec Str-5 Slay+4}
 37661 | Vaults:3 | 37661 ||| DROPPING +0 pair of boots of stealth.
 37662 | Vaults:3 | 37662 ||| READING 2 scrolls of acquirement.
 37662 | Vaults:3 | 37662 ||| ACQUIRING 1217 gold pieces
 37662 | Vaults:3 | Acquired 1217 gold pieces
 37664 | Vaults:3 | 37664 ||| READING scroll of acquirement.
 37664 | Vaults:3 | 37664 ||| ACQUIRING +6 broad axe of Satyriasis {flame, rN+}
 37664 | Vaults:3 | Acquired the +6 broad axe of Satyriasis {flame, rN+}
 37708 | Vaults:3 | 37708 ||| Stepping ~*~*~tactically~*~*~ (hiding).
 37712 | Vaults:3 | 37712 ||| Stepping ~*~*~tactically~*~*~ (stealth).
 37755 | Vaults:3 | 37755 ||| INVOKING Heroism.
 37782 | Vaults:3 | 37782 ||| Stepping ~*~*~tactically~*~*~ (stealth).
 37795 | Vaults:3 | 37795 ||| INVOKING Heroism.
 37796 | Abyss:2  | Cast into level 2 of the Abyss (a wizard)
 37814 | Abyss:2  | Found an opulent altar of Gozag.
 37820 | Vaults:3 | Escaped the Abyss
 37828 | Vaults:3 | Identified the +11 plate armour of Incorporation {rN++
                  | Dex-3 SInv Stlth+} (Okawaru gifted it to you on level 3 of
                  | the Vaults)
 37828 | Vaults:3 | Received a gift from Okawaru
 38082 | Vaults:3 | 38082 ||| INVOKING Heroism.
 38774 | Vaults:3 | 38774 ||| DROPPING +3 ice dragon scales of Seelites {rElec
                  | rF- rC++ Dex+7}.
 38775 | Vaults:3 | 38775 ||| UPGRADING to +11 plate armour of Incorporation
                  | {rN++ Dex-3 SInv Stlth+}.
 38785 | Vaults:3 | 38785 ||| REMOVING ring "Podao" {MP+9 Int+4 SInv}.
 38786 | Vaults:3 | 38786 ||| DROPPING +8 chain mail of Infinity {Str+4}.
 38787 | Vaults:3 | 38787 ||| DROPPING ring "Podao" {MP+9 Int+4 SInv}.
 38788 | Vaults:3 | 38788 ||| UPGRADING to +4 ring of protection.
 38806 | Vaults:4 | 38806 ||| PLANNING BAZAAR
 38806 | Vaults:4 | 38806 ||| INVOKING Heroism.
 38807 | Vaults:4 | 38807 ||| STAIRDANCE
 38835 | Vaults:4 | 38835 ||| STAIRDANCE
 38842 | Vaults:4 | 38842 ||| STAIRDANCE
 39226 | Vaults:4 | 39226 ||| Stepping ~*~*~tactically~*~*~ (stealth).
 39262 | Vaults:4 | 39262 ||| INVOKING Heroism.
 39430 | Vaults:4 | Found Rekh's Jewellery Boutique.
 39431 | Vaults:4 | 39431 ||| INVOKING Heroism.
 39442 | Vaults:4 | Reached skill level 15 in Armour
 39526 | Vaults:4 | Found Anusho's Magic Scroll Shop.
 39531 | Vaults:4 | 39531 ||| INVOKING Heroism.
 39544 | Vaults:4 | 39544 ||| BUYING 2 scrolls of teleportation (126 gold).
 39544 | Vaults:4 | Bought 2 scrolls of teleportation for 126 gold pieces
 39544 | Vaults:4 | 39544 ||| BUYING scroll of blinking (157 gold).
 39544 | Vaults:4 | Bought a scroll of blinking for 157 gold pieces
 39648 | Vaults:4 | 39648 ||| RIP BAZAAR
 39718 | Vaults:4 | 39718 ||| PLANNING VAULTS:1-4
 39720 | Vaults:4 | 39720 ||| FLEEEEING.
 39721 | Vaults:4 | 39721 ||| FLEEEEING.
 39722 | Vaults:4 | 39722 ||| FLEEEEING.
 39723 | Vaults:4 | 39723 ||| FLEEEEING.
 39724 | Vaults:4 | 39724 ||| FLEEEEING.
 39725 | Vaults:4 | 39725 ||| FLEEEEING.
 39726 | Vaults:4 | 39726 ||| FLEEEEING.
 39733 | Vaults:4 | 39733 ||| FLEEEEING.
 39734 | Vaults:4 | 39734 ||| FLEEEEING.
 39735 | Vaults:4 | 39735 ||| FLEEEEING.
 39736 | Vaults:4 | 39736 ||| FLEEEEING.
 39737 | Vaults:4 | 39737 ||| FLEEEEING.
 39738 | Vaults:4 | 39738 ||| FLEEEEING.
 39740 | Vaults:4 | 39740 ||| FLEEEEING.
 39741 | Vaults:4 | 39741 ||| FLEEEEING.
 39742 | Vaults:4 | 39742 ||| FLEEEEING.
 39743 | Vaults:4 | 39743 ||| FLEEEEING.
 39744 | Vaults:4 | 39744 ||| FLEEEEING.
 39745 | Vaults:4 | 39745 ||| FLEEEEING.
 39746 | Vaults:4 | 39746 ||| FLEEEEING.
 39747 | Vaults:4 | 39747 ||| FLEEEEING.
 39748 | Vaults:4 | 39748 ||| FLEEEEING.
 39749 | Vaults:4 | 39749 ||| FLEEEEING.
 39750 | Vaults:4 | 39750 ||| FLEEEEING.
 39751 | Vaults:4 | 39751 ||| FLEEEEING.
 39752 | Vaults:4 | 39752 ||| FLEEEEING.
 39758 | Vaults:4 | 39758 ||| FLEEEEING.
 39759 | Vaults:4 | 39759 ||| FLEEEEING.
 39760 | Vaults:4 | 39760 ||| FLEEEEING.
 39761 | Vaults:4 | 39761 ||| FLEEEEING.
 39762 | Vaults:4 | 39762 ||| FLEEEEING.
 39763 | Vaults:4 | 39763 ||| FLEEEEING.
 39764 | Vaults:4 | 39764 ||| FLEEEEING.
 39765 | Vaults:4 | 39765 ||| FLEEEEING.
 39766 | Vaults:4 | 39766 ||| FLEEEEING.
 39767 | Vaults:4 | 39767 ||| FLEEEEING.
 39778 | Vaults:4 | 39778 ||| FLEEEEING.
 39779 | Vaults:4 | 39779 ||| FLEEEEING.
 39780 | Vaults:4 | 39780 ||| FLEEEEING.
 39781 | Vaults:4 | 39781 ||| FLEEEEING.
 39788 | Vaults:4 | 39788 ||| STAIRDANCE
 39892 | Vaults:4 | 39892 ||| STAIRDANCE
 40130 | Vaults:4 | 40130 ||| FLEEEEING.
 40136 | Vaults:4 | 40136 ||| FLEEEEING.
 40137 | Vaults:4 | 40137 ||| FLEEEEING.
 40138 | Vaults:4 | 40138 ||| FLEEEEING.
 40139 | Vaults:4 | 40139 ||| FLEEEEING.
 40144 | Vaults:4 | 40144 ||| FLEEEEING.
 40145 | Vaults:4 | 40145 ||| FLEEEEING.
 40146 | Vaults:4 | 40146 ||| FLEEEEING.
 40147 | Vaults:4 | 40147 ||| FLEEEEING.
 40148 | Vaults:4 | 40148 ||| FLEEEEING.
 40149 | Vaults:4 | 40149 ||| FLEEEEING.
 40150 | Vaults:4 | 40150 ||| FLEEEEING.
 40151 | Vaults:4 | 40151 ||| FLEEEEING.
 40152 | Vaults:4 | 40152 ||| FLEEEEING.
 40153 | Vaults:4 | 40153 ||| FLEEEEING.
 40154 | Vaults:4 | 40154 ||| FLEEEEING.
 40160 | Vaults:4 | 40160 ||| FLEEEEING.
 40161 | Vaults:4 | 40161 ||| FLEEEEING.
 40162 | Vaults:4 | 40162 ||| FLEEEEING.
 40163 | Vaults:4 | 40163 ||| FLEEEEING.
 40164 | Vaults:4 | 40164 ||| FLEEEEING.
 40165 | Vaults:4 | 40165 ||| FLEEEEING.
 40167 | Vaults:4 | 40167 ||| FLEEEEING.
 40168 | Vaults:4 | 40168 ||| FLEEEEING.
 40169 | Vaults:4 | 40169 ||| FLEEEEING.
 40170 | Vaults:4 | 40170 ||| FLEEEEING.
 40171 | Vaults:4 | 40171 ||| FLEEEEING.
 40172 | Vaults:4 | 40172 ||| FLEEEEING.
 40173 | Vaults:4 | 40173 ||| FLEEEEING.
 40174 | Vaults:4 | 40174 ||| FLEEEEING.
 40175 | Vaults:4 | 40175 ||| FLEEEEING.
 40176 | Vaults:4 | 40176 ||| FLEEEEING.
 40177 | Vaults:4 | 40177 ||| FLEEEEING.
 40178 | Vaults:4 | 40178 ||| FLEEEEING.
 40179 | Vaults:4 | 40179 ||| FLEEEEING.
 40185 | Vaults:4 | 40185 ||| FLEEEEING.
 40186 | Vaults:4 | 40186 ||| FLEEEEING.
 40187 | Vaults:4 | 40187 ||| FLEEEEING.
 40188 | Vaults:4 | 40188 ||| FLEEEEING.
 40189 | Vaults:4 | 40189 ||| FLEEEEING.
 40190 | Vaults:4 | 40190 ||| FLEEEEING.
 40191 | Vaults:4 | 40191 ||| FLEEEEING.
 40192 | Vaults:4 | 40192 ||| FLEEEEING.
 40193 | Vaults:4 | 40193 ||| FLEEEEING.
 40194 | Vaults:4 | 40194 ||| FLEEEEING.
 40195 | Vaults:4 | 40195 ||| FLEEEEING.
 40366 | Vaults:4 | 40366 ||| READING 24 scrolls of teleportation.
 40380 | Vaults:4 | 40380 ||| Stepping ~*~*~tactically~*~*~ (hiding).
 40386 | Vaults:4 | 40386 ||| INVOKING Heroism.
 40387 | Vaults:4 | 40387 ||| Stepping ~*~*~tactically~*~*~ (hiding).
 40389 | Vaults:4 | 40389 ||| Stepping ~*~*~tactically~*~*~ (hiding).
 40474 | Vaults:4 | 40474 ||| Stepping ~*~*~tactically~*~*~ (stealth).
 40476 | Vaults:4 | 40476 ||| Stepping ~*~*~tactically~*~*~ (hiding).
 40480 | Vaults:4 | 40480 ||| INVOKING Heroism.
 40629 | Vaults:4 | 40629 ||| INVOKING Heroism.
 40632 | Vaults:4 | 40632 ||| Stepping ~*~*~tactically~*~*~ (hiding).
 40633 | Vaults:4 | 40633 ||| Stepping ~*~*~tactically~*~*~ (hiding).
 40635 | Vaults:4 | 40635 ||| Stepping ~*~*~tactically~*~*~ (hiding).
 40747 | Vaults:4 | 40747 ||| PLANNING SNAKE:4
 40834 | Vaults:2 | 40834 ||| FLEEEEING.
 40835 | Vaults:2 | 40835 ||| FLEEEEING.
 40836 | Vaults:2 | 40836 ||| FLEEEEING.
 40838 | Vaults:2 | 40838 ||| FLEEEEING.
 40839 | Vaults:2 | 40839 ||| FLEEEEING.
 40840 | Vaults:2 | 40840 ||| FLEEEEING.
 40841 | Vaults:2 | 40841 ||| FLEEEEING.
 40842 | Vaults:2 | 40842 ||| FLEEEEING.
 40843 | Vaults:2 | 40843 ||| FLEEEEING.
 40844 | Vaults:2 | 40844 ||| FLEEEEING.
 40845 | Vaults:2 | 40845 ||| FLEEEEING.
 40846 | Vaults:2 | 40846 ||| FLEEEEING.
 40852 | Vaults:2 | 40852 ||| FLEEEEING.
 40853 | Vaults:2 | 40853 ||| FLEEEEING.
 40854 | Vaults:2 | 40854 ||| FLEEEEING.
 40855 | Vaults:2 | 40855 ||| FLEEEEING.
 40856 | Vaults:2 | 40856 ||| FLEEEEING.
 40857 | Vaults:2 | 40857 ||| FLEEEEING.
 40860 | Vaults:2 | 40860 ||| STAIRDANCE
 41261 | Snake:4  | Entered Level 4 of the Snake Pit
 41261 | Snake:4  | Found Mothruoh's Distillery.
 41272 | Snake:4  | 41272 ||| BUYING potion of attraction (51 gold).
 41272 | Snake:4  | Bought a potion of attraction for 51 gold pieces
 41272 | Snake:4  | 41272 ||| BUYING potion of curing (51 gold).
 41272 | Snake:4  | Bought a potion of curing for 51 gold pieces
 41272 | Snake:4  | 41272 ||| BUYING potion of curing (51 gold).
 41272 | Snake:4  | Bought a potion of curing for 51 gold pieces
 41272 | Snake:4  | 41272 ||| BUYING potion of curing (51 gold).
 41272 | Snake:4  | Bought a potion of curing for 51 gold pieces
 41272 | Snake:4  | 41272 ||| BUYING potion of magic (136 gold).
 41272 | Snake:4  | Bought a potion of magic for 136 gold pieces
 41272 | Snake:4  | 41272 ||| BUYING potion of resistance (170 gold).
 41272 | Snake:4  | Bought a potion of resistance for 170 gold pieces
 41280 | Snake:4  | 41280 ||| Stepping ~*~*~tactically~*~*~ (hiding).
 41283 | Snake:4  | 41283 ||| INVOKING Heroism.
 41295 | Snake:4  | Received a gift from Okawaru
 41382 | Snake:4  | 41382 ||| Stepping ~*~*~tactically~*~*~ (hiding).
 41386 | Snake:4  | 41386 ||| INVOKING Heroism.
 41391 | Snake:4  | Reached XP level 21. HP: 152/152 MP: 25/28
 41415 | Snake:4  | 41415 ||| Stepping ~*~*~tactically~*~*~ (stealth).
 41416 | Snake:4  | 41416 ||| Stepping ~*~*~tactically~*~*~ (stealth).
 41594 | Snake:4  | 41594 ||| Stepping ~*~*~tactically~*~*~ (hiding).
 41597 | Snake:4  | 41597 ||| Stepping ~*~*~tactically~*~*~ (stealth).
 41601 | Snake:4  | 41601 ||| INVOKING Heroism.
 41632 | Snake:4  | Reached skill level 18 in Fighting
 41662 | Snake:4  | 41662 ||| INVOKING Heroism.
 41827 | Snake:4  | Got a serpentine rune of Zot
 41886 | Snake:4  | 41886 ||| Stepping ~*~*~tactically~*~*~ (hiding).
 41887 | Snake:4  | 41887 ||| Stepping ~*~*~tactically~*~*~ (stealth).
 41888 | Snake:4  | 41888 ||| Stepping ~*~*~tactically~*~*~ (hiding).
 41889 | Snake:4  | 41889 ||| Stepping ~*~*~tactically~*~*~ (hiding).
 41890 | Snake:4  | 41890 ||| Stepping ~*~*~tactically~*~*~ (hiding).
 41891 | Snake:4  | 41891 ||| Stepping ~*~*~tactically~*~*~ (hiding).
 41892 | Snake:4  | 41892 ||| Stepping ~*~*~tactically~*~*~ (hiding).
 41899 | Snake:4  | 41899 ||| INVOKING Heroism.
 42022 | Snake:4  | 42022 ||| Stepping ~*~*~tactically~*~*~ (hiding).
 42027 | Snake:4  | 42027 ||| Stepping ~*~*~tactically~*~*~ (hiding).
 42199 | Snake:4  | 42199 ||| PLANNING DEPTHS
 42199 | Snake:4  | 42199 ||| DROPPING +1 hat.
 42473 | Depths:1 | Entered Level 1 of the Depths
 42473 | Depths:1 | Noticed a golden dragon
 42474 | Depths:1 | 42474 ||| INVOKING Heroism.
 42475 | Depths:1 | 42475 ||| INVOKING Finesse.
 42490 | Depths:1 | 42490 ||| Stepping ~*~*~tactically~*~*~ (cloud).
 42497 | Depths:1 | Received a gift from Okawaru
 42513 | Depths:1 | Killed a golden dragon
 42538 | Depths:1 | 42538 ||| INVOKING Heroism.
 42552 | Depths:1 | Received a gift from Okawaru
 42553 | Depths:1 | Reached skill level 18 in Armour
 42559 | Depths:1 | HP: 33/155 [hell beast (13)]
 42560 | Depths:1 | 42560 ||| READING 25 scrolls of teleportation.
 42561 | Depths:1 | 42561 ||| DRINKING 6 potions of heal wounds.
 42592 | Depths:1 | 42592 ||| INVOKING Heroism.
 42594 | Depths:1 | HP: 30/155 [deep troll earth mage/Lee's Rapid
                  | Deconstruction (26)]
 42595 | Depths:1 | 42595 ||| READING 24 scrolls of teleportation.
 42596 | Depths:1 | 42596 ||| DRINKING 5 potions of heal wounds.
 42617 | Depths:1 | 42617 ||| Stepping ~*~*~tactically~*~*~ (stealth).
 42620 | Depths:1 | Found a corrupted altar of Lugonu.
 42620 | Depths:1 | Found a one-way gate to the infinite horrors of the Abyss.
 42645 | Depths:1 | Received a gift from Okawaru
 42647 | Depths:1 | 42647 ||| INVOKING Heroism.
 42655 | Depths:1 | 42655 ||| Stepping ~*~*~tactically~*~*~ (stealth).
 42660 | Depths:1 | 42660 ||| Stepping ~*~*~tactically~*~*~ (stealth).
 42661 | Depths:1 | 42661 ||| Stepping ~*~*~tactically~*~*~ (stealth).
 42666 | Depths:1 | HP: 18/156 [deep troll earth mage/Lee's Rapid
                  | Deconstruction (24)]
 42667 | Depths:1 | 42667 ||| READING 23 scrolls of teleportation.
 42668 | Depths:1 | 42668 ||| DRINKING 4 potions of heal wounds.
 42877 | Depths:1 | 42877 ||| Stepping ~*~*~tactically~*~*~ (stealth).
 42879 | Depths:1 | 42879 ||| Stepping ~*~*~tactically~*~*~ (stealth).
 42902 | Depths:1 | 42902 ||| Stepping ~*~*~tactically~*~*~ (stealth).
 43011 | Depths:1 | Found a one-way gate leading to the halls of Pandemonium.
 43082 | Depths:1 | 43082 ||| Stepping ~*~*~tactically~*~*~ (hiding).
 43168 | Depths:1 | 43168 ||| Stepping ~*~*~tactically~*~*~ (hiding).
 43169 | Depths:1 | 43169 ||| Stepping ~*~*~tactically~*~*~ (hiding).
 43170 | Depths:1 | 43170 ||| Stepping ~*~*~tactically~*~*~ (hiding).
 43172 | Depths:1 | 43172 ||| Stepping ~*~*~tactically~*~*~ (hiding).
 43182 | Depths:1 | 43182 ||| Stepping ~*~*~tactically~*~*~ (stealth).
 43206 | Depths:1 | Reached skill level 19 in Fighting
 43351 | Depths:1 | Found a gateway to Hell.
 43451 | Depths:1 | 43451 ||| DROPPING scarf of invisibility.
 43462 | Depths:2 | 43462 ||| INVOKING Heroism.
 43611 | Depths:2 | 43611 ||| INVOKING Heroism.
 43794 | Depths:2 | 43794 ||| Stepping ~*~*~tactically~*~*~ (hiding).
 43796 | Depths:2 | 43796 ||| INVOKING Heroism.
 43797 | Depths:2 | 43797 ||| INVOKING Finesse.
 43845 | Depths:2 | 43845 ||| Stepping ~*~*~tactically~*~*~ (hiding).
 43845 | Depths:2 | You are sucked into a shaft and drop 1 floor!
 43908 | Depths:3 | 43908 ||| Stepping ~*~*~tactically~*~*~ (stealth).
 44007 | Depths:2 | 44007 ||| Stepping ~*~*~tactically~*~*~ (hiding).
 44008 | Depths:2 | 44008 ||| Stepping ~*~*~tactically~*~*~ (hiding).
 44018 | Depths:2 | Reached XP level 22. HP: 163/163 MP: 29/29
 44078 | Depths:2 | 44078 ||| INVOKING Heroism.
 44079 | Depths:2 | 44079 ||| INVOKING Finesse.
 44124 | Depths:2 | 44124 ||| Stepping ~*~*~tactically~*~*~ (hiding).
 44275 | Depths:2 | 44275 ||| Stepping ~*~*~tactically~*~*~ (hiding).
 44326 | Depths:2 | 44326 ||| Stepping ~*~*~tactically~*~*~ (stealth).
 44331 | Depths:2 | 44331 ||| Stepping ~*~*~tactically~*~*~ (hiding).
 44356 | Depths:2 | 44356 ||| Stepping ~*~*~tactically~*~*~ (stealth).
 44580 | Depths:3 | 44580 ||| INVOKING Heroism.
 44582 | Depths:3 | 44582 ||| INVOKING Finesse.
 44776 | Depths:3 | Found an ancient bone altar of Kikubaaqudgha.
 44812 | Depths:3 | 44812 ||| INVOKING Heroism.
 44813 | Depths:3 | 44813 ||| INVOKING Finesse.
 44816 | Depths:3 | 44816 ||| Stepping ~*~*~tactically~*~*~ (hiding).
 44954 | Depths:3 | 44954 ||| FLEEEEING.
 44955 | Depths:3 | 44955 ||| FLEEEEING.
 44956 | Depths:3 | 44956 ||| FLEEEEING.
 44957 | Depths:3 | 44957 ||| FLEEEEING.
 44958 | Depths:3 | 44958 ||| FLEEEEING.
 44959 | Depths:3 | 44959 ||| INVOKING Heroism.
 44971 | Depths:3 | Received a gift from Okawaru
 44974 | Depths:3 | 44974 ||| INVOKING Finesse.
 45052 | Depths:3 | Found a white marble altar of Elyvilon.
 45099 | Depths:3 | 45099 ||| Stepping ~*~*~tactically~*~*~ (stealth).
 45113 | Depths:3 | 45113 ||| Stepping ~*~*~tactically~*~*~ (stealth).
 45222 | Depths:3 | 45222 ||| INVOKING Heroism.
 45395 | Depths:3 | Received a gift from Okawaru
 45433 | Depths:3 | 45433 ||| Stepping ~*~*~tactically~*~*~ (hiding).
 45625 | Depths:3 | Noticed a dread lich
 45626 | Depths:3 | 45626 ||| Stepping ~*~*~tactically~*~*~ (stealth).
 45627 | Depths:3 | 45627 ||| Stepping ~*~*~tactically~*~*~ (stealth).
 45628 | Depths:3 | 45628 ||| Stepping ~*~*~tactically~*~*~ (stealth).
 45630 | Depths:3 | 45630 ||| INVOKING Heroism.
 45631 | Depths:3 | 45631 ||| INVOKING Finesse.
 45640 | Depths:3 | Killed a dread lich
 45735 | Depths:3 | 45735 ||| Stepping ~*~*~tactically~*~*~ (hiding).
 45851 | Depths:2 | 45851 ||| INVOKING Heroism.
 45852 | Depths:2 | 45852 ||| INVOKING Finesse.
 45882 | Depths:2 | 45882 ||| Stepping ~*~*~tactically~*~*~ (stealth).
 45898 | Depths:2 | 45898 ||| Stepping ~*~*~tactically~*~*~ (hiding).
 45900 | Depths:2 | 45900 ||| Stepping ~*~*~tactically~*~*~ (hiding).
 45964 | Depths:2 | 45964 ||| Stepping ~*~*~tactically~*~*~ (stealth).
 45968 | Depths:2 | 45968 ||| Stepping ~*~*~tactically~*~*~ (stealth).
 45969 | Depths:2 | 45969 ||| Stepping ~*~*~tactically~*~*~ (stealth).
 45970 | Depths:2 | 45970 ||| Stepping ~*~*~tactically~*~*~ (stealth).
 46065 | Depths:4 | Entered Level 4 of the Depths
 46066 | Depths:4 | 46066 ||| PLANNING BAZAAR
 46066 | Depths:4 | 46066 ||| Stepping ~*~*~tactically~*~*~ (hiding).
 46067 | Depths:4 | 46067 ||| INVOKING Finesse.
 46068 | Depths:4 | 46068 ||| Stepping ~*~*~tactically~*~*~ (stealth).
 46069 | Depths:4 | 46069 ||| INVOKING Heroism.
 46092 | Depths:4 | Received a gift from Okawaru
 46129 | Depths:4 | Found a flickering gateway to a bazaar.
 46138 | Bazaar   | Entered a bazaar
 46138 | Bazaar   | Found Kiot's Armour Boutique.
 46138 | Bazaar   | Found Rulups's Assorted Antiques.
 46138 | Bazaar   | Found Quono's Weapon Shoppe.
 46140 | Bazaar   | Found Ahyl's Distillery.
 46140 | Bazaar   | Found Foivuas's Antique Weapon Shop.
 46164 | Bazaar   | 46164 ||| BUYING 2 potions of curing (78 gold).
 46164 | Bazaar   | Bought 2 potions of curing for 78 gold pieces
 46164 | Bazaar   | 46164 ||| BUYING potion of attraction (39 gold).
 46164 | Bazaar   | Bought a potion of attraction for 39 gold pieces
 46164 | Bazaar   | 46164 ||| BUYING potion of cancellation (104 gold).
 46164 | Bazaar   | Bought a potion of cancellation for 104 gold pieces
 46164 | Bazaar   | 46164 ||| BUYING potion of curing (39 gold).
 46164 | Bazaar   | Bought a potion of curing for 39 gold pieces
 46164 | Bazaar   | 46164 ||| BUYING potion of curing (39 gold).
 46164 | Bazaar   | Bought a potion of curing for 39 gold pieces
 46164 | Bazaar   | 46164 ||| BUYING potion of curing (39 gold).
 46164 | Bazaar   | Bought a potion of curing for 39 gold pieces
 46164 | Bazaar   | 46164 ||| BUYING potion of curing (39 gold).
 46164 | Bazaar   | Bought a potion of curing for 39 gold pieces
 46164 | Bazaar   | 46164 ||| BUYING potion of curing (39 gold).
 46164 | Bazaar   | Bought a potion of curing for 39 gold pieces
 46169 | Bazaar   | 46169 ||| BUYING runed broad axe (126 gold).
 46169 | Bazaar   | Bought a runed broad axe for 126 gold pieces
 46169 | Bazaar   | 46169 ||| DROPPING +2 broad axe of venom.
 46173 | Bazaar   | 46173 ||| BUYING 2 potions of heal wounds (200 gold).
 46173 | Bazaar   | Bought 2 potions of heal wounds for 200 gold pieces
 46173 | Bazaar   | 46173 ||| BUYING 2 potions of might (160 gold).
 46173 | Bazaar   | Bought 2 potions of might for 160 gold pieces
 46173 | Bazaar   | 46173 ||| BUYING scroll of enchant armour (150 gold).
 46173 | Bazaar   | Bought a scroll of enchant armour for 150 gold pieces
 46173 | Bazaar   | 46173 ||| BUYING steaming hat (180 gold).
 46173 | Bazaar   | Bought a steaming hat for 180 gold pieces
 46173 | Bazaar   | Identified the +2 hat "Wucup" {rElec} (You bought it in a
                  | shop in a bazaar)
 46176 | Bazaar   | 46176 ||| BUYING +4 gold dragon scales "Jeheisul" {rPois
                  | rF+ rC+ Str+3 Int-3 Dex+7} (1262 gold).
 46176 | Bazaar   | Bought the +4 gold dragon scales "Jeheisul" {rPois rF+ rC+
                  | Str+3 Int-3 Dex+7} for 1262 gold pieces
 46176 | Bazaar   | 46176 ||| DROPPING +2 hat "Wucup" {rElec}.
 46188 | Depths:4 | 46188 ||| PLANNING DEPTHS
 46209 | Depths:4 | 46209 ||| Stepping ~*~*~tactically~*~*~ (hiding).
 46214 | Depths:4 | 46214 ||| INVOKING Heroism.
 46229 | Depths:4 | Reached skill level 20 in Fighting
 46293 | Depths:4 | 46293 ||| Stepping ~*~*~tactically~*~*~ (hiding).
 46480 | Depths:4 | 46480 ||| Stepping ~*~*~tactically~*~*~ (hiding).
 46481 | Depths:4 | 46481 ||| Stepping ~*~*~tactically~*~*~ (hiding).
 46486 | Depths:4 | 46486 ||| INVOKING Heroism.
 46488 | Depths:4 | 46488 ||| INVOKING Finesse.
 46603 | Depths:4 | 46603 ||| READING 25 scrolls of teleportation.
 46608 | Depths:4 | 46608 ||| Stepping ~*~*~tactically~*~*~ (hiding).
 46610 | Depths:4 | 46610 ||| INVOKING Heroism.
 46733 | Depths:4 | Found a one-way gateway to a ziggurat.
 46740 | Depths:4 | 46740 ||| INVOKING Heroism.
 46741 | Depths:4 | 46741 ||| INVOKING Finesse.
 46847 | Depths:4 | Reached skill level 21 in Shields
 46847 | Depths:4 | 46847 ||| FLEEEEING.
 46848 | Depths:4 | 46848 ||| FLEEEEING.
 46849 | Depths:4 | 46849 ||| FLEEEEING.
 46850 | Depths:4 | 46850 ||| FLEEEEING.
 46851 | Depths:4 | 46851 ||| FLEEEEING.
 46852 | Depths:4 | 46852 ||| FLEEEEING.
 46853 | Depths:4 | 46853 ||| FLEEEEING.
 46854 | Depths:4 | 46854 ||| FLEEEEING.
 46855 | Depths:4 | 46855 ||| FLEEEEING.
 46856 | Depths:4 | 46856 ||| FLEEEEING.
 46857 | Depths:4 | 46857 ||| FLEEEEING.
 46858 | Depths:4 | 46858 ||| FLEEEEING.
 46859 | Depths:4 | 46859 ||| FLEEEEING.
 46860 | Depths:4 | 46860 ||| FLEEEEING.
 46948 | Depths:4 | 46948 ||| Stepping ~*~*~tactically~*~*~ (stealth).
 46950 | Depths:4 | 46950 ||| Stepping ~*~*~tactically~*~*~ (hiding).
 46952 | Depths:4 | 46952 ||| Stepping ~*~*~tactically~*~*~ (hiding).
 47243 | Depths:4 | 47243 ||| Stepping ~*~*~tactically~*~*~ (hiding).
 47280 | Depths:4 | 47280 ||| INVOKING Heroism.
 47281 | Depths:4 | 47281 ||| INVOKING Finesse.
 47398 | Depths:4 | Found a gate to the Realm of Zot.
 47399 | Depths:4 | 47399 ||| Stepping ~*~*~tactically~*~*~ (hiding).
 47401 | Depths:4 | 47401 ||| INVOKING Heroism.
 47402 | Depths:4 | 47402 ||| INVOKING Finesse.
 47443 | Depths:4 | Received a gift from Okawaru
 47692 | Depths:4 | 47692 ||| Stepping ~*~*~tactically~*~*~ (cloud).
 47910 | Depths:4 | 47910 ||| Stepping ~*~*~tactically~*~*~ (hiding).
 48002 | Depths:4 | 48002 ||| PLANNING VAULTS:5
 48314 | Vaults:5 | Entered Level 5 of the Vaults
 48315 | Vaults:5 | 48315 ||| INVOKING Heroism.
 48316 | Vaults:5 | 48316 ||| STAIRDANCE
 48361 | Vaults:5 | 48361 ||| STAIRDANCE
 48363 | Vaults:4 | 48363 ||| INVOKING Heroism.
 48376 | Vaults:4 | Reached XP level 23. HP: 170/171 MP: 30/30
 48387 | Vaults:5 | 48387 ||| INVOKING Finesse.
 48403 | Vaults:5 | 48403 ||| STAIRDANCE
 48408 | Vaults:4 | Identified the +1 pair of gloves "Biah" {+Blink} (Okawaru
                  | gifted it to you on level 4 of the Vaults)
 48408 | Vaults:4 | Received a gift from Okawaru
 48551 | Vaults:4 | 48551 ||| DROPPING +1 pair of gloves "Biah" {+Blink}.
 48555 | Vaults:5 | 48555 ||| STAIRDANCE
 48557 | Vaults:4 | 48557 ||| INVOKING Heroism.
 48608 | Vaults:5 | 48608 ||| INVOKING Heroism.
 48609 | Vaults:5 | 48609 ||| INVOKING Finesse.
 48655 | Vaults:5 | Noticed a golden dragon
 48666 | Vaults:5 | Reached skill level 21 in Fighting
 48675 | Vaults:5 | Killed a golden dragon
 48679 | Vaults:5 | 48679 ||| INVOKING Heroism.
 48689 | Vaults:5 | Identified the +5 morningstar "Repiq" {holy, rCorr MP+9
                  | Int+2}
 48716 | Vaults:5 | HP: 40/176 [shadow dragon (8)]
 48717 | Vaults:5 | 48717 ||| READING 24 scrolls of teleportation.
 48718 | Vaults:5 | 48718 ||| DRINKING 5 potions of heal wounds.
 48734 | Vaults:5 | 48734 ||| INVOKING Heroism.
 48765 | Vaults:5 | Reached skill level 12 in Throwing
 48773 | Vaults:5 | 48773 ||| Stepping ~*~*~tactically~*~*~ (hiding).
 48777 | Vaults:5 | 48777 ||| Stepping ~*~*~tactically~*~*~ (hiding).
 48782 | Vaults:5 | 48782 ||| INVOKING Heroism.
 48814 | Vaults:5 | 48814 ||| Stepping ~*~*~tactically~*~*~ (stealth).
 48833 | Vaults:5 | 48833 ||| INVOKING Heroism.
 48890 | Vaults:5 | 48890 ||| INVOKING Heroism.
 48901 | Vaults:5 | 48901 ||| Stepping ~*~*~tactically~*~*~ (hiding).
 48942 | Vaults:5 | 48942 ||| INVOKING Heroism.
 48974 | Vaults:5 | 48974 ||| FLEEEEING.
 48975 | Vaults:5 | 48975 ||| FLEEEEING.
 48976 | Vaults:5 | 48976 ||| STAIRDANCE
 49270 | Vaults:5 | 49270 ||| Stepping ~*~*~tactically~*~*~ (hiding).
 49271 | Vaults:5 | 49271 ||| INVOKING Heroism.
 49320 | Vaults:5 | 49320 ||| Stepping ~*~*~tactically~*~*~ (hiding).
 49344 | Vaults:5 | 49344 ||| Stepping ~*~*~tactically~*~*~ (hiding).
 49346 | Vaults:5 | 49346 ||| Stepping ~*~*~tactically~*~*~ (hiding).
 49357 | Vaults:5 | Reached skill level 22 in Fighting
 49383 | Vaults:5 | 49383 ||| INVOKING Heroism.
 49416 | Vaults:5 | 49416 ||| Stepping ~*~*~tactically~*~*~ (stealth).
 49428 | Vaults:5 | 49428 ||| Stepping ~*~*~tactically~*~*~ (stealth).
 49449 | Vaults:5 | 49449 ||| FLEEEEING.
 49449 | Vaults:5 | Noticed a golden dragon
 49450 | Vaults:5 | 49450 ||| STAIRDANCE
 49573 | Vaults:5 | 49573 ||| STAIRDANCE
 49589 | Vaults:5 | 49589 ||| INVOKING Heroism.
 49595 | Vaults:5 | Killed a golden dragon
 49610 | Vaults:5 | 49610 ||| STAIRDANCE
 49612 | Vaults:4 | 49612 ||| INVOKING Heroism.
 49690 | Vaults:5 | 49690 ||| STAIRDANCE
 49692 | Vaults:4 | 49692 ||| INVOKING Heroism.
 49707 | Vaults:4 | 49707 ||| INVOKING Heroism.
 49918 | Vaults:5 | 49918 ||| STAIRDANCE
 49920 | Vaults:4 | 49920 ||| INVOKING Heroism.
 50002 | Vaults:5 | 50002 ||| STAIRDANCE
 50004 | Vaults:4 | 50004 ||| INVOKING Heroism.
 50045 | Vaults:5 | 50045 ||| STAIRDANCE
 50111 | Vaults:5 | 50111 ||| STAIRDANCE
 50129 | Vaults:5 | 50129 ||| STAIRDANCE
 50171 | Vaults:5 | 50171 ||| INVOKING Heroism.
 50180 | Vaults:5 | 50180 ||| STAIRDANCE
 50212 | Vaults:5 | 50212 ||| INVOKING Heroism.
 50214 | Vaults:5 | Reached skill level 21 in Armour
 50275 | Vaults:5 | 50275 ||| Stepping ~*~*~tactically~*~*~ (stealth).
 50276 | Vaults:5 | 50276 ||| Stepping ~*~*~tactically~*~*~ (stealth).
 50282 | Vaults:5 | 50282 ||| INVOKING Heroism.
 50336 | Abyss:2  | Cast into level 2 of the Abyss (a deep elf demonologist)
 50391 | Abyss:2  | 50391 ||| Stepping ~*~*~tactically~*~*~ (stealth).
 50418 | Abyss:2  | 50418 ||| Stepping ~*~*~tactically~*~*~ (stealth).
 50431 | Abyss:2  | Reached XP level 24. HP: 184/184 MP: 30/30
 50484 | Abyss:2  | 50484 ||| Stepping ~*~*~tactically~*~*~ (stealth).
 50524 | Abyss:2  | 50524 ||| Stepping ~*~*~tactically~*~*~ (stealth).
 50525 | Abyss:2  | 50525 ||| Stepping ~*~*~tactically~*~*~ (stealth).
 50568 | Abyss:2  | 50568 ||| Stepping ~*~*~tactically~*~*~ (stealth).
 50570 | Abyss:2  | 50570 ||| Stepping ~*~*~tactically~*~*~ (hiding).
 50572 | Abyss:2  | 50572 ||| Stepping ~*~*~tactically~*~*~ (hiding).
 50691 | Abyss:2  | 50691 ||| INVOKING Heroism.
 50709 | Abyss:2  | 50709 ||| Stepping ~*~*~tactically~*~*~ (stealth).
 50770 | Abyss:2  | 50770 ||| Stepping ~*~*~tactically~*~*~ (stealth).
 50782 | Abyss:2  | Found a corrupted altar of Lugonu.
 50787 | Abyss:2  | 50787 ||| INVOKING Heroism.
 50798 | Vaults:5 | Escaped the Abyss
 50832 | Vaults:5 | 50832 ||| Stepping ~*~*~tactically~*~*~ (hiding).
 50946 | Vaults:5 | Got a silver rune of Zot
 51016 | Vaults:5 | 51016 ||| Stepping ~*~*~tactically~*~*~ (hiding).
 51143 | Vaults:5 | Identified the +1 troll leather armour of Exclusion {rElec
                  | Regen+ Dex-5 Stlth+}
 51150 | Vaults:5 | Identified the ring "Nisk" {rF+ Int-4 Slay+3 SInv}
 51193 | Vaults:5 | Found the +0 pair of fencer's gloves {Riposte Dex+3}
 51344 | Vaults:5 | 51344 ||| INVOKING Heroism.
 51347 | Vaults:5 | 51347 ||| Stepping ~*~*~tactically~*~*~ (stealth).
 51351 | Vaults:5 | 51351 ||| Stepping ~*~*~tactically~*~*~ (stealth).
 51352 | Vaults:5 | Received a gift from Okawaru
 51523 | Vaults:5 | 51523 ||| INVOKING Heroism.
 51524 | Vaults:5 | 51524 ||| INVOKING Finesse.
 51601 | Vaults:5 | 51601 ||| INVOKING Heroism.
 51750 | Vaults:5 | Identified the +4 spear "Hiuk" {chaos, rPois MP+9}
 51876 | Vaults:5 | 51876 ||| PLANNING SHOPPING SPREE
 51876 | Vaults:5 | 51876 ||| DROPPING +1 helmet.
 51877 | Vaults:5 | 51877 ||| DROPPING +0 pair of boots of flying.
 51878 | Vaults:5 | 51878 ||| UPGRADING to ring "Nisk" {rF+ Int-4 Slay+3 SInv}.
 51880 | Vaults:5 | 51880 ||| UPGRADING to +4 gold dragon scales "Jeheisul"
                  | {rPois rF+ rC+ Str+3 Int-3 Dex+7}.
 52268 | D:3      | 52268 ||| BUYING potion of haste (100 gold).
 52268 | D:3      | Bought a potion of haste for 100 gold pieces
 52268 | D:3      | 52268 ||| BUYING potion of magic (80 gold).
 52268 | D:3      | Bought a potion of magic for 80 gold pieces
 52268 | D:3      | 52268 ||| BUYING potion of might (40 gold).
 52268 | D:3      | Bought a potion of might for 40 gold pieces
 52268 | D:3      | 52268 ||| BUYING potion of mutation (80 gold).
 52268 | D:3      | Bought a potion of mutation for 80 gold pieces
 52329 | D:2      | 52329 ||| BUYING 2 potions of resistance (240 gold).
 52329 | D:2      | Bought 2 potions of resistance for 240 gold pieces
 52329 | D:2      | 52329 ||| BUYING potion of haste (120 gold).
 52329 | D:2      | Bought a potion of haste for 120 gold pieces
 52329 | D:2      | 52329 ||| BUYING potion of haste (120 gold).
 52329 | D:2      | Bought a potion of haste for 120 gold pieces
 52329 | D:2      | 52329 ||| BUYING potion of heal wounds (60 gold).
 52329 | D:2      | Bought a potion of heal wounds for 60 gold pieces
 52329 | D:2      | 52329 ||| BUYING potion of mutation (96 gold).
 52329 | D:2      | Bought a potion of mutation for 96 gold pieces
 52620 | Shoals:1 | 52620 ||| BUYING scroll of blinking (240 gold).
 52620 | Shoals:1 | Bought a scroll of blinking for 240 gold pieces
 52662 | Shoals:1 | 52662 ||| BUYING glowing helmet (255 gold).
 52662 | Shoals:1 | Bought a glowing helmet for 255 gold pieces
 52695 | Shoals:1 | 52695 ||| BUYING pair of embroidered gloves (300 gold).
 52695 | Shoals:1 | Bought a pair of embroidered gloves for 300 gold pieces
 52695 | Shoals:1 | 52695 ||| DROPPING +2 pair of gloves of infusion.
 52716 | Shoals:1 | 52716 ||| BUYING amulet "Baxurete" {rF- Regen+ Dex+4 SInv}
                  | (468 gold).
 52716 | Shoals:1 | Bought the amulet "Baxurete" {rF- Regen+ Dex+4 SInv} for
                  | 468 gold pieces
 52716 | Shoals:1 | 52716 ||| CLEARING SHOPPING LIST
 52716 | Shoals:1 | 52716 ||| PLANNING ZOT
 52716 | Shoals:1 | 52716 ||| READING 25 scrolls of teleportation.
 53004 | Zot:1    | Entered Level 1 of the Realm of Zot
 53017 | Zot:1    | 53017 ||| Stepping ~*~*~tactically~*~*~ (stealth).
 53019 | Zot:1    | 53019 ||| Stepping ~*~*~tactically~*~*~ (hiding).
 53033 | Zot:1    | 53033 ||| Stepping ~*~*~tactically~*~*~ (hiding).
 53077 | Zot:1    | 53077 ||| INVOKING Heroism.
 53492 | Zot:1    | 53492 ||| INVOKING Heroism.
 53588 | Zot:1    | 53588 ||| INVOKING Heroism.
 53661 | Zot:1    | 53661 ||| INVOKING Heroism.
 53734 | Zot:1    | 53734 ||| INVOKING Heroism.
 53899 | Zot:1    | 53899 ||| READING scroll of acquirement.
 53899 | Zot:1    | 53899 ||| ACQUIRING 720 gold pieces
 53899 | Zot:1    | Acquired 720 gold pieces
 53907 | Zot:1    | 53907 ||| INVOKING Heroism.
 53978 | Zot:1    | HP: 45/184 [black draconian knight/+0 battleaxe[an orange
                  | crystal statue] (6)]
 53979 | Zot:1    | 53979 ||| READING 24 scrolls of teleportation.
 53980 | Zot:1    | 53980 ||| DRINKING 5 potions of heal wounds.
 53990 | Zot:1    | HP: 46/184 [black draconian/bolt of lightning[an orange
                  | crystal statue] (4)]
 53991 | Zot:1    | 53991 ||| READING 23 scrolls of teleportation.
 53993 | Zot:1    | 53993 ||| DRINKING 4 potions of heal wounds.
 53996 | Zot:1    | 53996 ||| INVOKING Heroism.
 54003 | Zot:1    | HP: 37/184 [oklob plant/splash of acid (27)]
 54004 | Zot:1    | 54004 ||| DRINKING 3 potions of heal wounds.
 54042 | Zot:1    | 54042 ||| INVOKING Heroism.
 54345 | Zot:1    | 54345 ||| INVOKING Heroism.
 54362 | Zot:1    | 54362 ||| INVOKING Heroism.
 54525 | Zot:1    | 54525 ||| INVOKING Heroism.
 54578 | Zot:1    | 54578 ||| INVOKING Heroism.
 54949 | Zot:1    | 54949 ||| Stepping ~*~*~tactically~*~*~ (hiding).
 54950 | Zot:1    | 54950 ||| Stepping ~*~*~tactically~*~*~ (hiding).
 55102 | Zot:1    | 55102 ||| Stepping ~*~*~tactically~*~*~ (hiding).
 55104 | Zot:1    | 55104 ||| INVOKING Heroism.
 55108 | Zot:1    | 55108 ||| Stepping ~*~*~tactically~*~*~ (hiding).
 55118 | Zot:1    | Received a gift from Okawaru
 55157 | Zot:1    | 55157 ||| Stepping ~*~*~tactically~*~*~ (hiding).
 55161 | Zot:1    | 55161 ||| INVOKING Heroism.
 55275 | Zot:1    | 55275 ||| INVOKING Heroism.
 55355 | Zot:1    | 55355 ||| DROPPING scarf of harm.
 55415 | Zot:2    | 55415 ||| INVOKING Heroism.
 55562 | Zot:2    | 55562 ||| FLEEEEING.
 55563 | Zot:2    | 55563 ||| STAIRDANCE
 55635 | Zot:2    | 55635 ||| INVOKING Heroism.
 55717 | Zot:2    | 55717 ||| FLEEEEING.
 55718 | Zot:2    | 55718 ||| FLEEEEING.
 55719 | Zot:2    | 55719 ||| FLEEEEING.
 55720 | Zot:2    | 55720 ||| FLEEEEING.
 55721 | Zot:2    | 55721 ||| FLEEEEING.
 55722 | Zot:2    | 55722 ||| FLEEEEING.
 55723 | Zot:2    | 55723 ||| STAIRDANCE
 55946 | Zot:2    | 55946 ||| Stepping ~*~*~tactically~*~*~ (hiding).
 55947 | Zot:2    | 55947 ||| Stepping ~*~*~tactically~*~*~ (hiding).
 55964 | Zot:2    | 55964 ||| INVOKING Heroism.
 56125 | Zot:2    | 56125 ||| Stepping ~*~*~tactically~*~*~ (hiding).
 56127 | Zot:2    | 56127 ||| Stepping ~*~*~tactically~*~*~ (hiding).
 56129 | Zot:2    | 56129 ||| Stepping ~*~*~tactically~*~*~ (hiding).
 56230 | Zot:2    | 56230 ||| INVOKING Heroism.
 56250 | Zot:2    | Received a gift from Okawaru
 56531 | Zot:2    | 56531 ||| INVOKING Heroism.
 56629 | Zot:2    | 56629 ||| Stepping ~*~*~tactically~*~*~ (hiding).
 56765 | Zot:2    | Noticed a Killer Klown
 56766 | Zot:2    | 56766 ||| Stepping ~*~*~tactically~*~*~ (hiding).
 56767 | Zot:2    | 56767 ||| INVOKING Heroism.
 56768 | Zot:2    | 56768 ||| INVOKING Finesse.
 56779 | Zot:2    | Killed a Killer Klown
 56779 | Zot:2    | Received a gift from Okawaru
 56780 | Zot:2    | 56780 ||| Stepping ~*~*~tactically~*~*~ (hiding).
 57055 | Zot:2    | 57055 ||| Stepping ~*~*~tactically~*~*~ (stealth).
 57057 | Zot:2    | 57057 ||| INVOKING Heroism.
 57149 | Zot:2    | 57149 ||| INVOKING Heroism.
 57159 | Zot:2    | Reached XP level 25. HP: 190/190 MP: 29/30
 57230 | Zot:2    | 57230 ||| DROPPING +1 cloak.
 57231 | Zot:2    | 57231 ||| DROPPING +0 pair of boots of flying.
 57242 | Zot:3    | 57242 ||| STAIRDANCE
 57249 | Zot:2    | Reached skill level 12 in Dodging
 57251 | Zot:3    | 57251 ||| STAIRDANCE
 57262 | Zot:3    | 57262 ||| INVOKING Heroism.
 57299 | Zot:3    | Received a gift from Okawaru
 57435 | Zot:3    | 57435 ||| Stepping ~*~*~tactically~*~*~ (stealth).
 57444 | Zot:3    | 57444 ||| Stepping ~*~*~tactically~*~*~ (stealth).
 57468 | Zot:3    | 57468 ||| INVOKING Heroism.
 57677 | Zot:3    | Found Xionydd's Changing Room.
 57685 | Zot:3    | 57685 ||| BUYING potion of mutation (208 gold).
 57685 | Zot:3    | Bought a potion of mutation for 208 gold pieces
 57738 | Zot:3    | 57738 ||| INVOKING Heroism.
 57762 | Zot:3    | 57762 ||| Stepping ~*~*~tactically~*~*~ (hiding).
 57766 | Zot:3    | 57766 ||| INVOKING Heroism.
 57897 | Zot:3    | Identified the +4 scale mail "Reumaq" {rN++}
 58004 | Zot:3    | 58004 ||| INVOKING Heroism.
 58171 | Zot:4    | 58171 ||| INVOKING Heroism.
 58198 | Zot:4    | Reached skill level 23 in Fighting
 58204 | Zot:4    | Received a gift from Okawaru
 58224 | Zot:4    | 58224 ||| INVOKING Heroism.
 58334 | Zot:4    | 58334 ||| DROPPING +0 broad axe of flaming.
 58353 | Zot:4    | 58353 ||| INVOKING Heroism.
 58427 | Zot:4    | 58427 ||| INVOKING Heroism.
 58563 | Zot:4    | 58563 ||| Stepping ~*~*~tactically~*~*~ (hiding).
 58566 | Zot:4    | 58566 ||| INVOKING Heroism.
 58618 | Zot:4    | 58618 ||| Stepping ~*~*~tactically~*~*~ (hiding).
 58620 | Zot:4    | 58620 ||| INVOKING Heroism.
 58756 | Zot:4    | 58756 ||| INVOKING Heroism.
 58801 | Zot:4    | 58801 ||| Stepping ~*~*~tactically~*~*~ (hiding).
 58826 | Zot:4    | 58826 ||| INVOKING Heroism.
 58851 | Zot:4    | 58851 ||| FLEEEEING.
 58852 | Zot:4    | 58852 ||| FLEEEEING.
 58853 | Zot:4    | 58853 ||| FLEEEEING.
 58854 | Zot:4    | 58854 ||| FLEEEEING.
 58855 | Zot:4    | 58855 ||| FLEEEEING.
 58856 | Zot:4    | 58856 ||| FLEEEEING.
 58857 | Zot:4    | 58857 ||| FLEEEEING.
 58858 | Zot:4    | 58858 ||| FLEEEEING.
 58859 | Zot:4    | 58859 ||| FLEEEEING.
 58860 | Zot:4    | 58860 ||| FLEEEEING.
 58861 | Zot:4    | 58861 ||| FLEEEEING.
 58862 | Zot:4    | 58862 ||| FLEEEEING.
 58863 | Zot:4    | 58863 ||| FLEEEEING.
 58864 | Zot:4    | 58864 ||| FLEEEEING.
 58865 | Zot:4    | 58865 ||| FLEEEEING.
 58871 | Zot:4    | 58871 ||| FLEEEEING.
 58872 | Zot:4    | 58872 ||| STAIRDANCE
 59125 | Zot:4    | 59125 ||| Stepping ~*~*~tactically~*~*~ (stealth).
 59270 | Zot:5    | Entered Level 5 of the Realm of Zot
 59271 | Zot:5    | 59271 ||| INVOKING Heroism.
 59292 | Zot:5    | Reached skill level 24 in Fighting
 59523 | Zot:5    | 59523 ||| Stepping ~*~*~tactically~*~*~ (hiding).
 59539 | Zot:5    | 59539 ||| INVOKING Heroism.
 59720 | Zot:5    | 59720 ||| INVOKING Heroism.
 59888 | Zot:5    | 59888 ||| INVOKING Heroism.
 60091 | Zot:5    | 60091 ||| Stepping ~*~*~tactically~*~*~ (hiding).
 60092 | Zot:5    | 60092 ||| INVOKING Heroism.
 60103 | Zot:5    | Received a gift from Okawaru
 60284 | Zot:5    | Noticed a dread lich
 60285 | Zot:5    | 60285 ||| INVOKING Heroism.
 60286 | Zot:5    | 60286 ||| INVOKING Finesse.
 60299 | Zot:5    | Killed a dread lich
 60299 | Zot:5    | Identified the +0 pair of boots of Yfeweanny {Fly} (Okawaru
                  | gifted it to you on level 5 of the Realm of Zot)
 60299 | Zot:5    | Received a gift from Okawaru
 60413 | Zot:5    | 60413 ||| FLEEEEING.
 60414 | Zot:5    | 60414 ||| FLEEEEING.
 60415 | Zot:5    | 60415 ||| FLEEEEING.
 60416 | Zot:5    | 60416 ||| FLEEEEING.
 60421 | Zot:5    | 60421 ||| Stepping ~*~*~tactically~*~*~ (hiding).
 60422 | Zot:5    | 60422 ||| Stepping ~*~*~tactically~*~*~ (hiding).
 60424 | Zot:5    | Noticed a dread lich
 60425 | Zot:5    | 60425 ||| FLEEEEING.
 60425 | Zot:5    | Noticed an orb of fire
 60425 | Zot:5    | Noticed an orb of fire
 60425 | Zot:5    | Noticed an orb of fire
 60426 | Zot:5    | 60426 ||| INVOKING Heroism.
 60426 | Zot:5    | Noticed an orb of fire
 60427 | Zot:5    | 60427 ||| INVOKING Finesse.
 60427 | Zot:5    | Gained mutation: You are clumsy. (Dex -2) [an orb of fire]
 60428 | Zot:5    | Noticed an ancient lich
 60428 | Zot:5    | Noticed a Killer Klown
 60429 | Zot:5    | Noticed a Killer Klown
 60433 | Zot:5    | Gained mutation: Your body sometimes deteriorates upon
                  | taking damage. [an orb of fire]
 60436 | Zot:5    | Noticed a dread lich
 60436 | Zot:5    | Gained mutation: Your body often deteriorates upon taking
                  | damage. [an orb of fire]
 60437 | Zot:5    | Gained mutation: You are very clumsy. (Dex -4) [an orb of
                  | fire]
 60438 | Zot:5    | Killed an ancient lich
 60440 | Zot:5    | Gained mutation: Your spells are a little easier to cast,
                  | but a little less powerful. [an orb of fire]
 60445 | Zot:5    | Gained mutation: You occasionally shout uncontrollably at
                  | your foes. [an orb of fire]
 60446 | Zot:5    | Killed an orb of fire
 60450 | Zot:5    | Lost mutation: Your mind is acute. (Int +4, Str/Dex -1) [an
                  | orb of fire]
 60452 | Zot:5    | Killed a dread lich
 60452 | Zot:5    | Gained mutation: You are dopey. (Int -2) [an orb of fire]
 60453 | Zot:5    | Reached XP level 26. HP: 173/204 MP: 25/30
 60453 | Zot:5    | Noticed an ancient lich
 60455 | Zot:5    | Killed an orb of fire
 60458 | Zot:5    | Killed a Killer Klown
 60460 | Zot:5    | Gained mutation: Armour fits poorly on your strangely
                  | shaped body. [an orb of fire]
 60461 | Zot:5    | Killed an orb of fire
 60462 | Zot:5    | Noticed a Killer Klown
 60464 | Zot:5    | Noticed an orb of fire
 60466 | Zot:5    | Killed a dread lich
 60467 | Zot:5    | Reached skill level 25 in Fighting
 60467 | Zot:5    | Killed an ancient lich
 60469 | Zot:5    | Killed an orb of fire
 60471 | Zot:5    | Killed a Killer Klown
 60480 | Zot:5    | Killed a Killer Klown
 60494 | Zot:5    | Killed an orb of fire
 60494 | Zot:5    | Received a gift from Okawaru
 60705 | Zot:5    | 60705 ||| DRINKING 12 potions of mutation.
 60705 | Zot:5    | Lost mutation: You possess an exceptional clarity of mind.
                  | [potion of mutation]
 60705 | Zot:5    | Lost mutation: Armour fits poorly on your strangely shaped
                  | body. [potion of mutation]
 60705 | Zot:5    | Gained mutation: You occasionally lose the ability to drink
                  | potions when taking damage. [potion of mutation]
 60705 | Zot:5    | Gained mutation: You are somewhat resistant to further
                  | mutation. [potion of mutation]
 60706 | Zot:5    | 60706 ||| DRINKING 11 potions of mutation.
 60706 | Zot:5    | Lost mutation: Your body often deteriorates upon taking
                  | damage. [potion of mutation]
 60706 | Zot:5    | Lost mutation: You are robust. (+10% HP) [potion of
                  | mutation]
 60706 | Zot:5    | Lost mutation: You are somewhat resistant to further
                  | mutation. [potion of mutation]
 60707 | Zot:5    | 60707 ||| DRINKING 10 potions of mutation.
 60707 | Zot:5    | Lost mutation: You occasionally shout uncontrollably at
                  | your foes. [potion of mutation]
 60707 | Zot:5    | Lost mutation: Your body sometimes deteriorates upon taking
                  | damage. [potion of mutation]
 60707 | Zot:5    | Lost mutation: You occasionally lose the ability to drink
                  | potions when taking damage. [potion of mutation]
 60707 | Zot:5    | Gained mutation: Your muscles are strong. (Str +4, Int/Dex
                  | -1) [potion of mutation]
 60709 | Zot:5    | 60709 ||| DROPPING +6 broad axe of Satyriasis {flame, rN+}.
 60736 | Zot:5    | 60736 ||| Stepping ~*~*~tactically~*~*~ (hiding).
 60739 | Zot:5    | 60739 ||| INVOKING Heroism.
 60899 | Zot:5    | 60899 ||| Stepping ~*~*~tactically~*~*~ (stealth).
 60914 | Zot:5    | Reached skill level 15 in Throwing
 61041 | Zot:5    | 61041 ||| DROPPING +1 vorpal broad axe.
 61238 | Zot:5    | 61238 ||| PLANNING CONVERSION TO THE SHINING ONE
 61238 | Zot:5    | 61238 ||| DROPPING +0 pair of boots of Yfeweanny {Fly}.
 61239 | Zot:5    | 61239 ||| READING 25 scrolls of teleportation.
 61253 | Zot:5    | 61253 ||| READING 24 scrolls of teleportation.
 61262 | Zot:5    | 61262 ||| READING 23 scrolls of teleportation.
 61272 | Zot:5    | 61272 ||| READING 22 scrolls of teleportation.
 61282 | Zot:5    | 61282 ||| READING 21 scrolls of teleportation.
 61292 | Zot:5    | 61292 ||| READING 20 scrolls of teleportation.
 61303 | Zot:5    | 61303 ||| READING 19 scrolls of teleportation.
 61314 | Zot:5    | 61314 ||| READING 18 scrolls of teleportation.
 61326 | Zot:5    | 61326 ||| READING 17 scrolls of teleportation.
 61339 | Zot:5    | 61339 ||| READING 16 scrolls of teleportation.
 61353 | Zot:5    | 61353 ||| READING 15 scrolls of teleportation.
 61365 | Zot:5    | 61365 ||| READING 14 scrolls of teleportation.
 61378 | Zot:5    | 61378 ||| READING 13 scrolls of teleportation.
 61391 | Zot:5    | 61391 ||| READING 12 scrolls of teleportation.
 61403 | Zot:5    | 61403 ||| READING 11 scrolls of teleportation.
 61413 | Zot:5    | 61413 ||| READING 10 scrolls of teleportation.
 61423 | Zot:5    | 61423 ||| READING 9 scrolls of teleportation.
 61435 | Zot:5    | 61435 ||| READING 8 scrolls of teleportation.
 61444 | Zot:5    | 61444 ||| READING 7 scrolls of teleportation.
 61453 | Zot:5    | 61453 ||| READING 6 scrolls of teleportation.
 61466 | Zot:5    | 61466 ||| READING 5 scrolls of teleportation.
 61475 | Zot:5    | 61475 ||| READING 4 scrolls of teleportation.
 61485 | Zot:5    | 61485 ||| READING 3 scrolls of teleportation.
 61494 | Zot:5    | 61494 ||| READING 2 scrolls of teleportation.
 61505 | Zot:5    | 61505 ||| READING scroll of teleportation.
 61516 | Zot:5    | 61516 ||| Stepping randomly (stuck).
 61517 | Zot:5    | 61517 ||| Stepping randomly (stuck).
 61518 | Zot:5    | 61518 ||| Stepping randomly (stuck).
 61519 | Zot:5    | 61519 ||| Stepping randomly (stuck).
 61520 | Zot:5    | 61520 ||| Stepping randomly (stuck).
 61521 | Zot:5    | 61521 ||| Stepping randomly (stuck).
 61522 | Zot:5    | 61522 ||| Stepping randomly (stuck).
 61523 | Zot:5    | 61523 ||| Stepping randomly (stuck).
 61524 | Zot:5    | 61524 ||| Stepping randomly (stuck).
 61525 | Zot:5    | 61525 ||| Stepping randomly (stuck).
 61526 | Zot:5    | 61526 ||| Stepping randomly (stuck).
 61527 | Zot:5    | 61527 ||| Stepping randomly (stuck).
 61528 | Zot:5    | 61528 ||| Stepping randomly (stuck).
 61529 | Zot:5    | 61529 ||| Stepping randomly (stuck).
 61530 | Zot:5    | 61530 ||| Stepping randomly (stuck).
 61531 | Zot:5    | 61531 ||| Stepping randomly (stuck).
 61532 | Zot:5    | 61532 ||| Stepping randomly (stuck).
 61533 | Zot:5    | 61533 ||| Stepping randomly (stuck).
 61534 | Zot:5    | 61534 ||| Stepping randomly (stuck).
 61535 | Zot:5    | 61535 ||| Stepping randomly (stuck).
 61536 | Zot:5    | 61536 ||| Stepping randomly (stuck).
 61537 | Zot:5    | 61537 ||| Stepping randomly (stuck).
 61538 | Zot:5    | 61538 ||| Stepping randomly (stuck).
 61539 | Zot:5    | 61539 ||| Stepping randomly (stuck).
 61540 | Zot:5    | 61540 ||| Stepping randomly (stuck).
 61541 | Zot:5    | 61541 ||| Stepping randomly (stuck).
 61542 | Zot:5    | 61542 ||| Stepping randomly (stuck).
 61543 | Zot:5    | 61543 ||| Stepping randomly (stuck).
 61544 | Zot:5    | 61544 ||| Stepping randomly (stuck).
 61545 | Zot:5    | 61545 ||| Stepping randomly (stuck).
 61546 | Zot:5    | 61546 ||| Stepping randomly (stuck).
 61547 | Zot:5    | 61547 ||| Stepping randomly (stuck).
 61548 | Zot:5    | 61548 ||| Stepping randomly (stuck).
 61549 | Zot:5    | 61549 ||| Stepping randomly (stuck).
 61550 | Zot:5    | 61550 ||| Stepping randomly (stuck).
 61551 | Zot:5    | 61551 ||| Stepping randomly (stuck).
 61552 | Zot:5    | 61552 ||| Stepping randomly (stuck).
 61553 | Zot:5    | 61553 ||| Stepping randomly (stuck).
 61554 | Zot:5    | 61554 ||| Stepping randomly (stuck).
 61555 | Zot:5    | 61555 ||| Stepping randomly (stuck).
 61556 | Zot:5    | 61556 ||| Stepping randomly (stuck).
 61557 | Zot:5    | 61557 ||| Stepping randomly (stuck).
 61558 | Zot:5    | 61558 ||| Stepping randomly (stuck).
 61559 | Zot:5    | 61559 ||| Stepping randomly (stuck).
 61560 | Zot:5    | 61560 ||| Stepping randomly (stuck).
 61561 | Zot:5    | 61561 ||| Stepping randomly (stuck).
 61562 | Zot:5    | 61562 ||| Stepping randomly (stuck).
 61563 | Zot:5    | 61563 ||| Stepping randomly (stuck).
 61564 | Zot:5    | 61564 ||| Stepping randomly (stuck).
 61565 | Zot:5    | 61565 ||| Stepping randomly (stuck).
 61566 | Zot:5    | 61566 ||| Stepping randomly (stuck).
 61567 | Zot:5    | 61567 ||| Stepping randomly (stuck).
 61568 | Zot:5    | 61568 ||| Stepping randomly (stuck).
 61569 | Zot:5    | 61569 ||| Stepping randomly (stuck).
 61570 | Zot:5    | 61570 ||| Stepping randomly (stuck).
 61571 | Zot:5    | 61571 ||| Stepping randomly (stuck).
 61572 | Zot:5    | 61572 ||| Stepping randomly (stuck).
 61573 | Zot:5    | 61573 ||| Stepping randomly (stuck).
 61574 | Zot:5    | 61574 ||| Stepping randomly (stuck).
 61575 | Zot:5    | 61575 ||| Stepping randomly (stuck).
 61576 | Zot:5    | 61576 ||| Stepping randomly (stuck).
 61577 | Zot:5    | 61577 ||| Stepping randomly (stuck).
 61578 | Zot:5    | 61578 ||| Stepping randomly (stuck).
 61579 | Zot:5    | 61579 ||| Stepping randomly (stuck).
 61580 | Zot:5    | 61580 ||| Stepping randomly (stuck).
 61581 | Zot:5    | 61581 ||| Stepping randomly (stuck).
 61582 | Zot:5    | 61582 ||| Stepping randomly (stuck).
 61583 | Zot:5    | 61583 ||| Stepping randomly (stuck).
 61584 | Zot:5    | 61584 ||| Stepping randomly (stuck).
 61585 | Zot:5    | 61585 ||| Stepping randomly (stuck).
 61586 | Zot:5    | 61586 ||| Stepping randomly (stuck).
 61587 | Zot:5    | 61587 ||| Stepping randomly (stuck).
 61588 | Zot:5    | 61588 ||| Stepping randomly (stuck).
 61589 | Zot:5    | 61589 ||| Stepping randomly (stuck).
 61590 | Zot:5    | 61590 ||| Stepping randomly (stuck).
 61591 | Zot:5    | 61591 ||| Stepping randomly (stuck).
 61592 | Zot:5    | 61592 ||| Stepping randomly (stuck).
 61593 | Zot:5    | 61593 ||| Stepping randomly (stuck).
 61594 | Zot:5    | 61594 ||| Stepping randomly (stuck).
 61595 | Zot:5    | 61595 ||| Stepping randomly (stuck).
 61596 | Zot:5    | 61596 ||| Stepping randomly (stuck).
 61597 | Zot:5    | 61597 ||| Stepping randomly (stuck).
 61598 | Zot:5    | 61598 ||| Stepping randomly (stuck).
 61599 | Zot:5    | 61599 ||| Stepping randomly (stuck).
 61600 | Zot:5    | 61600 ||| Stepping randomly (stuck).
 61601 | Zot:5    | 61601 ||| Stepping randomly (stuck).
 61602 | Zot:5    | 61602 ||| Stepping randomly (stuck).
 61603 | Zot:5    | 61603 ||| Stepping randomly (stuck).
 61604 | Zot:5    | 61604 ||| Stepping randomly (stuck).
 61605 | Zot:5    | 61605 ||| Stepping randomly (stuck).
 61606 | Zot:5    | 61606 ||| Stepping randomly (stuck).
 61607 | Zot:5    | 61607 ||| Stepping randomly (stuck).
 61608 | Zot:5    | 61608 ||| Stepping randomly (stuck).
 61609 | Zot:5    | 61609 ||| Stepping randomly (stuck).
 61610 | Zot:5    | 61610 ||| Stepping randomly (stuck).
 61611 | Zot:5    | 61611 ||| Stepping randomly (stuck).
 61612 | Zot:5    | 61612 ||| Stepping randomly (stuck).
 61613 | Zot:5    | 61613 ||| Stepping randomly (stuck).
 61614 | Zot:5    | 61614 ||| Stepping randomly (stuck).
 61615 | Zot:5    | 61615 ||| Stepping randomly (stuck).
 61616 | Zot:5    | 61616 ||| Stepping randomly (stuck).
 61617 | Zot:5    | 61617 ||| Stepping randomly (stuck).
 61618 | Zot:5    | 61618 ||| Stepping randomly (stuck).
 61619 | Zot:5    | 61619 ||| Stepping randomly (stuck).
 61620 | Zot:5    | 61620 ||| PLANNING CONVERSION TO THE SHINING ONE
 61994 | Temple   | Entered the Ecumenical Temple
 61995 | Temple   | Quit the game

Levels and vault maps discovered:
D:1:      grunt_arrival_crossed_arrows, layout_basic,
          ebering_ecumenical_altar_petrified, st_stairs_3
D:2:      minmay_diamond_boxcup, layout_basic, serial_shops,
          nicolae_shop_hallway_plus
D:3:      layout_basic, okawaru_gym_becter, serial_shops, shop_fountains,
          saegor_snake_ambush
D:4:      layout_loops_corners
D:5:      layout_layer_cave
D:6:      layout_loops_ring, minmay_temple_entry_mist, uniq_menkaure,
          uniq_crazy_yiuf_cottage
D:7:      layout_cave_pools, jmf_multi_god_temple, kennysheep_generic_room_5
D:8:      layout_basic, uniq_prince_ribbit1
D:9:      layout_loops_ring, grunt_temple_overflow_open, hangedman_ru_absence
D:10:     minmay_ornate_pinched, layout_basic, dpeg_lair_monsters, serial_shops,
          nicolae_shop_bloodbath_and_beyond, enter_trove_6, uniq_urug,
          uniq_maurice
D:11:     layout_loops_cross, kennysheep_small_circle, uniq_erolcha
D:12:     layout_irregular_city, hiddenorc1_lemuel, ebering_ghost_inner_flame,
          uniq_kirke
D:13:     layout_gridville, nicolae_hepliaklqana_hazy_memory, uniq_azrael
D:14:     minmay_strange_plus, layout_loops_cross, grunt_vaults_entry_tiered,
          grunt_dithmenos_smoke, serial_shops, nicolae_shop_statue_plus
D:15:     hangedman_depths_entry_try_elsewhere_first, layout_irregular_city,
          lemuel_tele_altar
Temple:   minmay_temple_curvy_branch
Lair:1:   layout_gridlike, basic_altar, columned_hall_lemuel,
          serial_bayou_shore_b
Lair:2:   layout_gridlike, chequers_serial_rivers_marsh, beast_lair_carwin_6,
          serial_bayou_shore_a
Lair:3:   layout_chaotic_city, minmay_shoals_entry_centaurs,
          guppyfry_snake_entry_island
Lair:4:   layout_cave_pods, nicolae_slime_entry_slimehenge, uniq_nessos
Lair:5:   minmay_lair_end_enchanted_forest, layout_hall_layers, pond,
          grunt_megastairs_5
Shoals:1: layout_shoals, serial_shops, shop_fountains,
          nicolae_shop_advertising_works [nicolae_subvault_shop_adworks],
          shop_statue, shop, nicolae_shop_trees, nicolae_shoals_enchanted_isle,
          uniq_louise
Shoals:2: layout_shoals, nicolae_shoals_shepherds
Shoals:3: layout_shoals, nicolae_shoals_hunting_party, uniq_mlioglotl,
          uniq_jorgrun, uniq_donald
Shoals:4: shoals_end_grunt_garden, layout_shoals, serial_shops, shop
Snake:1:  layout_layer_cave, gammafunk_ghost_grave, nrook_loot_triangle,
          drop_trap, uniq_nikola
Snake:2:  layout_gridlike, nicolae_snake_shapes
Snake:3:  layout_honeycomb, basic_altar, uniq_saint_roka
Snake:4:  johnstein_snake_rune_scales, layout_rooms, serial_shops, shop,
          drop_trap
Orc:1:    layout_caves, mines5_lemuel
Orc:2:    st_orc_rangers, layout_caves, nicolae_orc_damp_corner, uniq_snorg
Vaults:1: vaults_mumra_hexcomb, vaults_dpeg_emergency_exit,
          nicolae_vaults_shelves_hall, hangedman_vaults_slice,
          vaults_standard_mumra_enter_the_diamond, v_rooms_5, vaults_dpeg_hooks,
          nicolae_vaults_theta, v_alt_pattern_4, v_misc_18,
          nicolae_vaults_big_ls, v_misc_14, vaults_room_octagon,
          nicolae_vaults_shelves_hall, nicolae_vaults_ring_of_whatevers,
          ontoclasm_vaults_twist, layout_vaults_ring, serial_shops,
          nicolae_shop_crystal
Vaults:2: nicolae_vaults_specimen_jars, nicolae_vaults_border_crossing,
          emtedronai_trogs_sanctum, v_misc_26, grunt_vaults_twisty,
          nicolae_vaults_asterisk, vaults_room_boxed,
          ontoclasm_vaults_decontamination, vaults_dpeg_ring,
          layout_vaults_omnicross, serial_shops, nicolae_shop_behind_doors
Vaults:3: mu_enter_wizlab_4, nicolae_vaults_hallways_thing,
          nicolae_vaults_diagonal_hallway_6, vaults_mumra_minichess,
          v_pattern_5, minmay_crypt_entry_necro_gods,
          nicolae_vaults_little_squares_4, nicolae_vaults_mini_display_case,
          ontoclasm_vaults_loading_screen, layout_vaults_omnigrid, uniq_asterion
Vaults:4: nicolae_vaults_three_branches, nicolae_vaults_bisected_slash,
          ontoclasm_vaults_tryst, hangedman_vaults_locks,
          nicolae_vaults_sealed_display, ontoclasm_vaults_ring_square,
          vaults_room_octagon, v_alt_pattern_1, nicolae_vaults_theta,
          layout_vaults_chaotic_city, serial_shops, bzr_in_the_mist, shop,
          shop_fountains
Vaults:5
Depths:1: layout_cave_pools, hell_entry, nrook_mini_vaults,
          abyss_entry_flame_altar, rand_demon_pan_entry_3, evilmike_ambush
          [evilmike_ambush_outer_pillars, evilmike_ambush_inner_basic]
Depths:2: minmay_containers, layout_cave_pools, nicolae_titane,
          rand_demon_pan_entry_5, abyss_entry, hell_entry
Depths:3: hellmonk_paralyzer, layout_gridlike, elyvilon_altar_1,
          grunt_mini_vestibule, rand_demon_pan_entry_7, abyss_entry_glasseish,
          kiku_gazebo_pond_becter, minmay_staircase_statues,
          serial_bayou_shore_b
Depths:4: grunt_zot_entry_tricorne, layout_basic, enter_ziggurat_f, hell_entry,
          serial_shops, bzr_entry_dummy, serial_aquarium, aquarium_bridge_square
          [aquarium_subvault_balcony, aquarium_subvault_wall,
          aquarium_subvault_wall, aquarium_subvault_bridge], aquarium_window_1,
          aquarium_window_3, aquarium_window_2, aquarium_window_1,
          aquarium_view_2f, serial_sigils_hangedman_leer
Zot:1:    evilmike_crystal_ball_defense, layout_basic, st_single_dragon_hoard_2
Zot:2:    layout_gridville, drop_trap
Zot:3:    layout_misc_corridors, st_single_dragon_hoard_1,
          nicolae_transmutations_shop
Zot:4:    layout_onion
Zot:5:    layout_cathedral_of_symmetry

Skill      XL: |  1  2  3  4  5  6  7  8  9 10 11 12 13 14 15 16 17 18 19 20 21 22 23 24 25 26 |
---------------+-------------------------------------------------------------------------------+-----
Axes           | 2 3 4 5 6 7 8 9 10 11 12 13 15 16 17 18 | 18.0
Throwing       | 1 2 3 5 6 7 8 9 10 11 12 13 14 15 | 15.0
Fighting       | 4 5 7 8 9 10 11 12 13 15 17 19 20 22 24 25 | 25.2
Invocations    | 4 6 10 | 10.0
Armour         | 4 7 8 9 10 11 12 13 16 18 20 21 22 | 22.0
Dodging        | 1 3 4 5 7 8 9 11 12 13 | 13.0
Shields        | 4 5 10 11 12 13 14 17 18 19 20 21 22 | 22.0

Action                   |  1- 3 |  4- 6 |  7- 9 | 10-12 | 13-15 | 16-18 | 19-21 | 22-24 | 25-27 || total
-------------------------+-------+-------+-------+-------+-------+-------+-------+-------+-------++-------
Melee: War axe           |    80 |       |       |       |       |       |       |       |       ||    80
       Hand axe          |    19 |   175 |   189 |   479 |       |       |       |       |       ||   862
       Morningstar       |       |       |       |    16 |    48 |       |       |       |       ||    64
       Broad axe         |       |       |       |   118 |   698 |  1152 |  1178 |  1641 |   584 ||  5371
Throw: Javelin           |    15 |    42 |    43 |   124 |   151 |    81 |    76 |    73 |    37 ||   642
       Boomerang         |       |     2 |     4 |     3 |    21 |     1 |     2 |    26 |       ||    59
Invok: Heroism           |       |       |     9 |    27 |    43 |    44 |    36 |    63 |    21 ||   243
       Finesse           |       |       |       |     5 |    14 |     7 |     7 |    15 |     2 ||    50
  Use: Scroll            |     4 |     7 |     8 |     7 |     2 |     1 |     7 |     6 |    25 ||    67
       Potion            |       |     3 |     1 |     1 |       |       |     3 |     4 |     3 ||    15
 Stab: Distracted        |       |       |       |       |       |       |       |     1 |       ||     1
Armor: Scale mail        |    49 |     1 |       |       |       |       |       |       |       ||    50
       Chain mail        |       |   120 |   117 |   185 |   293 |   305 |   126 |       |       ||  1146
       Plate armour      |       |       |       |    37 |       |       |   189 |   406 |       ||   632
       Gold dragon scale |       |       |       |       |       |       |       |   342 |   207 ||   549
Dodge: Dodged            |    51 |    53 |    65 |   134 |   199 |   288 |   245 |   510 |   242 ||  1787
       Repelled          |       |       |       |       |     4 |    17 |    11 |    55 |    14 ||   101
Block: Buckler           |    13 |    23 |    31 |    93 |       |       |       |       |       ||   160
       Kite shield       |       |       |       |    63 |   605 |   288 |       |       |       ||   956
       Reflection        |       |       |       |     9 |    35 |   227 |    96 |    62 |    13 ||   442
       Tower shield      |       |       |       |       |       |  1086 |  1182 |  1886 |   767 ||  4921

Table legend:
 A = Non-vault XP
 B = Vault XP
 C = Vault XP percentage of total XP
 D = Non-vault monster count
 E = Vault monster count
 F = Vault count percentage of total count
                 A         B        C        D         E       F
            +---------+---------+-------+---------+---------+-------
      Total |  702000 |  486781 |  40.9 |    1274 |     680 |  34.8
            +---------+---------+-------+---------+---------+-------
        D:1 |      28 |      17 |  37.8 |      16 |       3 |  15.8
        D:2 |      36 |       8 |  18.2 |      21 |       5 |  19.2
        D:3 |      72 |      39 |  35.1 |      19 |       3 |  13.6
        D:4 |     165 |       0 |   0.0 |      16 |       0 |   0.0
        D:5 |     367 |       0 |   0.0 |      10 |       0 |   0.0
        D:6 |     642 |     165 |  20.4 |      13 |       1 |   7.1
        D:7 |     652 |     389 |  37.4 |      21 |       5 |  19.2
        D:8 |    1967 |     255 |  11.5 |      22 |       1 |   4.3
        D:9 |    1182 |       0 |   0.0 |      26 |       0 |   0.0
       D:10 |    1643 |    7102 |  81.2 |      18 |      21 |  53.8
       D:11 |    4402 |    1742 |  28.4 |      17 |       2 |  10.5
       D:12 |    3467 |    2671 |  43.5 |      11 |      23 |  67.6
       D:13 |    8613 |    2071 |  19.4 |      27 |       7 |  20.6
       D:14 |   10068 |   16623 |  62.3 |      13 |      35 |  72.9
       D:15 |   13118 |    2693 |  17.0 |      23 |       4 |  14.8
     Lair:1 |    6255 |       0 |   0.0 |      20 |       0 |   0.0
     Lair:2 |    3100 |     748 |  19.4 |      14 |       7 |  33.3
     Lair:3 |    6144 |     624 |   9.2 |      29 |       5 |  14.7
     Lair:4 |   10378 |    4724 |  31.3 |      36 |      16 |  30.8
     Lair:5 |    7880 |   10984 |  58.2 |      27 |      58 |  68.2
   Shoals:1 |   16965 |   11133 |  39.6 |      33 |      17 |  34.0
   Shoals:2 |   20986 |    1969 |   8.6 |      41 |      11 |  21.2
   Shoals:3 |   18947 |    7981 |  29.6 |      38 |       9 |  19.1
   Shoals:4 |   22153 |   16061 |  42.0 |      52 |      28 |  35.0
    Snake:1 |   10578 |    2176 |  17.1 |      24 |       1 |   4.0
    Snake:2 |   16415 |    4648 |  22.1 |      35 |       8 |  18.6
    Snake:3 |   11451 |    3738 |  24.6 |      24 |      13 |  35.1
    Snake:4 |   19285 |   20263 |  51.2 |      38 |      35 |  47.9
      Orc:1 |    2124 |    1221 |  36.5 |      39 |      10 |  20.4
      Orc:2 |    1323 |    4517 |  77.3 |      14 |      36 |  72.0
   Vaults:1 |   11017 |   24611 |  69.1 |      16 |      36 |  69.2
   Vaults:2 |   11640 |   14910 |  56.2 |      16 |      19 |  54.3
   Vaults:3 |   43006 |   20585 |  32.4 |      50 |      24 |  32.4
   Vaults:4 |   39328 |   31247 |  44.3 |      58 |      35 |  37.6
   Vaults:5 |   40236 |   74555 |  64.9 |      53 |      68 |  56.2
   Depths:1 |   35713 |   22552 |  38.7 |      43 |      23 |  34.8
   Depths:2 |   19279 |   12521 |  39.4 |      25 |      12 |  32.4
   Depths:3 |   21907 |   14686 |  40.1 |      27 |      14 |  34.1
   Depths:4 |   32486 |   16020 |  33.0 |      36 |      17 |  32.1
      Zot:1 |   42992 |    5828 |  11.9 |      34 |       9 |  20.9
      Zot:2 |   61421 |       0 |   0.0 |      55 |       0 |   0.0
      Zot:3 |   29441 |    2427 |   7.6 |      21 |       1 |   4.5
      Zot:4 |   49594 |       0 |   0.0 |      42 |       0 |   0.0
      Zot:5 |   34763 |  106247 |  75.3 |      31 |      41 |  56.9
    Abyss:2 |    8771 |       0 |   0.0 |      30 |       0 |   0.0
     WizLab |       0 |   16030 | 100.0 |       0 |      17 | 100.0
            +---------+---------+-------+---------+---------+-------
